 Dungeon Crawl Stone Soup version bcrawl-1.40.3b (webtiles) character file.

Game seed: 3019598691982681759

25950087 petercordia2 the Middleweight Champion (level 27, 282/282 HPs)
             Began as a Demonspawn Chaos Knight on Dec 21, 2023.
             Was the Champion of Makhleb.
             Escaped with the Orb
             ... and 9 runes on Jan 2, 2024!
             The game lasted 05:43:23 (64584 turns).

petercordia2 the Middleweight Champion (DsCK)      Turns: 64584, Time: 05:43:23

Health: 282/282    AC: 42    Str: 29    XL:     27
Magic:  34/34      EV:  9    Int: 26    God:    Makhleb [******]
Gold:   6649       SH: 40    Dex: 20    Spells: 26/26 levels left

rFire    + + +     GDR:     45%   - Claws (76.0)
rCold    + . .     SeeInvis .   g - +18 shield of the Gong {rElec rN+ MR+ EV-5}
rNeg     + . .     Gourm    .   t - +14 iron dragon scales
rPois    +         Faith    .   C - +2 hat of the Wasteland {rPois rCorr Int+2}
rElec    +         Spirit   +   r - scarf {Spirit}
rCorr    +         Reflect  +   (gloves unavailable)
MR       +++++                  Y - +0 pair of boots
Stlth    ..........             V - amulet of Suspicion {Reflect +Blink Dex+5 SH+5}
HPRegen  0.57/turn              u - ring of Tulips {rF++ Str+3 Int+5}
MPRegen  0.24/turn              Q - ring "Esagoun" {Slay+5 Stlth++}

@: studying Staves
A: antennae 1, claws 3, hooves 2, blink, clever 2, cold resistance 1, deformed
body, demonic guardian 3, deterioration 1, fire resistance 1, foul stench 2, low
mp 1, magic resistance 2, sense surroundings 3, poison resistance, robust 2,
inhibited regeneration, strong 2, wild magic 1, evolution 1, augmentation 3, rot
immunity, sanguine armour 3
0: Orb of Zot
}: 9/15 runes: serpentine, barnacled, slimy, silver, demonic, glowing, magical,
fiery, dark
a: Blink, Minor Destruction, Hew, Major Destruction, Greater Servant of Makhleb,
Renounce Religion, Evoke Blink


You escaped.
You worshipped Makhleb.
Makhleb was exalted by your worship.
You were full.

You visited 10 branches of the dungeon, and saw 46 of its levels.
You visited Pandemonium 1 time, and saw 10 of its levels.
You visited the Abyss 2 times.
You also visited: Trove, Sewer, Ice Cave and Wizlab.

You collected 11475 gold pieces.
You spent 4826 gold pieces at shops.

Inventory:

Hand Weapons
 w - a +9 blowgun
Missiles
 a - 362 javelins of penetration {=f}
 d - 296 steel javelins (quivered)
 f - 368 javelins
 o - 286 tomahawks of dispersal {=f}
 v - 2966 poisoned tomahawks
 x - 55 needles of frenzy {=f}
 E - 43 exploding tomahawks
 J - 42 curare-tipped needles
 S - 7 throwing nets {=f}
 X - 19 needles of confusion
Armour
 g - the +18 shield of the Gong (worn) {rElec rN+ MR+ EV-5}
   (You bought it in a shop in the Orcish Mines)

   It affects your evasion (-5).
   It insulates you from electricity.
   It protects you from negative energy.
   It affects your resistance to hostile enchantments.
 r - a scarf of spirit shield (worn)
 t - +14 iron dragon scales (worn)
 C - the +2 hat of the Wasteland (worn) {rPois rCorr Int+2}
   (You found it on level 1 of the Realm of Zot)

   It affects your intelligence (+2).
   It protects you from poison.
   It provides partial protection from all sources of acid and corrosion.
 Y - a +0 pair of boots (worn)
Jewellery
 s - a +5 ring of evasion
 u - the ring of Tulips (left claw) {rF++ Str+3 Int+5}
   (You found it in a treasure trove)

   [ring of intelligence]

   It affects your strength (+3).
   It affects your intelligence (+5).
   It greatly protects you from fire.
 H - a +5 ring of slaying
 Q - the ring "Esagoun" (right claw) {Slay+5 Stlth++}
   (You found it on level 3 of the Vaults)

   [ring of stealth]

   It affects your accuracy and damage with ranged weapons and melee attacks
   (+5).
   It makes you much more stealthy.
 V - the amulet of Suspicion (around neck) {Reflect +Blink Dex+5 SH+5}
   (You found it on level 3 of the Vaults)

   [amulet of reflection]

   It shields you and reflects attacks.
   It affects your dexterity (+5).
   It lets you blink.
   It affects your SH (+5).
Wands
 b - a wand of scattershot (3)
 c - a wand of acid (46)
 i - a wand of digging (40)
 D - a wand of clouds (12)
 O - a wand of iceblast (51)
 W - a wand of paralysis (51)
Scrolls
 k - 2 scrolls of silence
 l - 8 scrolls of fear
 q - 6 scrolls of immolation
 y - 30 scrolls of remove curse
 A - 13 scrolls of fog
 B - a scroll of summoning
 N - 6 scrolls of blinking
 R - 21 scrolls of teleportation
 T - 2 scrolls of vulnerability
Potions
 h - 3 potions of mutation
 j - 8 potions of berserk rage
 m - 2 potions of invisibility
 n - 10 potions of flight
 z - 7 potions of agility
 F - 15 potions of heal wounds
 G - 10 potions of ambrosia
 K - 19 potions of curing
 L - 2 potions of resistance
 M - 7 potions of might
 P - 2 potions of brilliance
 U - 5 potions of haste
 Z - 4 potions of cancellation
Miscellaneous
 p - a lamp of fire
 I - a phantom mirror
Comestibles
 e - 64 rations {!d}


   Skills:
 * Level 23.1 Fighting
   Level 3.5 Axes
 - Level 16.0 Throwing
 * Level 22.0 Armour
 * Level 17.0 Dodging
 + Level 20.2 Shields
 O Level 27 Unarmed Combat
 * Level 21.9 Invocations
 - Level 5.0 Evocations


You had 26 spell levels left.
You didn't know any spells.
Your spell library contained the following spells:

 Spells                   Type           Power        Failure   Level  Hunger
 Throw Frost              Conj/Ice       #.....       99%         2    ####...
 Apportation              Tloc           #.....       100%        1    None
 Beastly Appendage        Tmut           #.....       100%        1    None
 Blink Other              Tloc           #.....       100%        1    None
 Corona                   Hex            #......      100%        1    None
 Flame Tongue             Conj/Fire      #....        100%        1    None
 Infusion                 Chrm           #.......     100%        1    None
 Magic Dart               Conj           #...         100%        1    None
 Necrotize                Necr           #.....       100%        1    None
 Sandblast                Erth           #.....       100%        1    None
 Slow                     Hex            #.......     100%        1    None
 Static Discharge         Air            #.....       100%        1    None
 Sting                    Conj/Pois      #...         100%        1    None
 Summon Butterflies       Summ           #.......     100%        1    None
 Blink                    Tloc           N/A          100%        2    ####...
 Call Imp                 Summ           #.....       100%        2    ####...
 Corpse Rot               Necr           N/A          100%        2    ####...
 Ensorcelled Hibernation  Hex/Ice        #.....       100%        2    ####...
 Flaming Arrows           Chrm/Fire      #.......     100%        2    ####...
 Passwall                 Tmut/Erth      #.......     100%        2    ####...
 Poisonous Vapours        Pois/Air       #.....       100%        2    ####...
 Searing Ray              Conj           #.......     100%        2    ####...
 Shackle                  Hex            #.......     100%        2    ####...
 Shock                    Conj/Air       #......      100%        2    ####...
 Song of Slaying          Chrm           #.......     100%        2    ####...
 Sticks to Snakes         Tmut           #.......     100%        2    ####...
 Sublimation of Blood     Necr           #.........   100%        2    ####...
 Swiftness                Chrm/Air       #.......     100%        2    ####...
 Beckoning                Tloc           #.........   100%        3    #####..
 Confuse                  Hex            #.......     100%        3    #####..
 Conjure Flame            Conj/Fire      #.......     100%        3    #####..
 Dazzling Orbs            Conj/Hex       #......      100%        3    #####..
 False Image              Hex/Summ       #.......     100%        3    #####..
 Ignite Poison            Fire/Tmut/Pois #.......     100%        3    #####..
 Inner Flame              Hex/Fire       N/A          100%        3    #####..
 Iskenderun's Mystic Bla  Conj           #.......     100%        3    #####..
 Mephitic Cloud           Conj/Pois/Air  #.......     100%        3    #####..
 Portal Projectile        Tloc           #.....       100%        3    #####..
 Recall                   Summ/Tloc      N/A          100%        3    #####..
 Regeneration             Chrm/Necr      #.........   100%        3    #####..
 Spider Form              Tmut/Pois      #..          100%        3    #####..
 Stone Arrow              Conj/Erth      #.....       100%        3    #####..
 Teleport Other           Tloc           #.......     100%        3    #####..
 Tukima's Dance           Hex            #.......     100%        3    #####..
 Vampiric Draining        Necr           #.........   100%        3    #####..
 Agony                    Necr           #.......     100%        4    ######.
 Animate Dead             Necr           N/A          100%        4    ######.
 Cause Fear               Hex            #.........   100%        4    ######.
 Force Lance              Tloc           #.......     100%        4    ######.
 Fulminant Prism          Conj/Hex       #.........   100%        4    ######.
 Ice Form                 Ice/Tmut       #.......     100%        4    ######.
 Lightning Bolt           Conj/Air       #.......     100%        4    ######.
 Olgreb's Toxic Radiance  Pois           #........    100%        4    ######.
 Petrify                  Tmut/Erth      #.........   100%        4    ######.
 Sticky Flame             Conj/Fire      #.......     100%        4    ######.
 Summon Scorpions         Summ/Pois      #.......     100%        4    ######.
 Throw Icicle             Conj/Ice       #.......     100%        4    ######.
 Tree Form                Hex/Tmut       N/A          100%        4    ######.
 Yara's Violent Unravell  Hex/Tmut       #.........   100%        4    ######.
 Blade Hands              Tmut           #.........   100%        5    #######
 Bolt of Draining         Conj/Necr      #.........   100%        5    #######
 Dispel Undead            Necr           #.......     100%        5    #######
 Fireball                 Conj/Fire      #.........   100%        5    #######
 Freezing Cloud           Ice/Air        #.......     100%        5    #######
 Iskenderun's Battlesphe  Conj/Chrm      #.......     100%        5    #######
 Lee's Rapid Deconstruct  Erth           #.........   100%        5    #######
 Piercing Shot            Chrm           #.........   100%        5    #######
 Steam Barrier            Chrm/Fire      #.........   100%        5    #######
 Summon Forest            Summ/Tloc      #.........   100%        5    #######
 Venom Bolt               Conj/Pois      #.........   100%        5    #######
 Aura of Abjuration       Summ           #.........   100%        6    #######
 Bolt of Cold             Conj/Ice       #.........   100%        6    #######
 Bolt of Fire             Conj/Fire      #.........   100%        6    #######
 Borgnjor's Vile Clutch   Necr/Erth      #.........   100%        6    #######
 Conjure Ball Lightning   Conj/Air       #.........   100%        6    #######
 Darkness                 Hex            #.........   100%        6    #######
 Death Channel            Chrm/Necr      #.........   100%        6    #######
 Deflect Missiles         Chrm/Air       #.........   100%        6    #######
 Dispersal                Tloc           #.........   100%        6    #######
 Infestation              Hex/Tmut/Pois  #........    100%        6    #######
 Invisibility             Hex            #.......     100%        6    #######
 Iron Shot                Conj/Erth      #.........   100%        6    #######
 Ozocubu's Refrigeration  Ice            #.........   100%        6    #######
 Poison Arrow             Conj/Pois      #.........   100%        6    #######
 Simulacrum               Ice/Necr       #.......     100%        6    #######
 Statue Form              Tmut/Erth      #........    100%        6    #######
 Summon Hydra             Summ           #.........   100%        6    #######
 Virulence                Hex/Pois       #.......     100%        6    #######
 Controlled Blink         Tloc           #.......     100%        7    #######
 Dragon Form              Tmut           #......      100%        7    #######
 Icicle Burst             Conj/Ice       #.........   100%        7    #######
 Mana Rupture             Conj/Hex       #.........   100%        7    #######
 Orb of Destruction       Conj           #.........   100%        7    #######
 Shadow Creatures         Summ           N/A          100%        7    #######
 Spellforged Servitor     Conj/Summ      #.........   100%        7    #######
 Summon Fire Elementals   Fire/Summ      #........    100%        7    #######
 Chain Lightning          Conj/Air       #.........   100%        8    #######
 Glaciate                 Conj/Ice/Air   #.........   100%        8    #######
 Lehudib's Crystal Spear  Conj/Erth      #.........   100%        8    #######
 Necromutation            Tmut/Necr      #.......     100%        8    #######
 Time Stop                Chrm/Tloc      N/A          100%        8    #######
 Tornado                  Tloc/Air       #.........   100%        8    #######
 Dragon's Call            Summ           #.........   100%        9    #######
 Fire Storm               Fire           #.........   100%        9    #######
 Shatter                  Erth           #.........   100%        9    #######
 Passage of Golubria      Tloc           Unusable     N/A         5    N/A

Dungeon Overview and Level Annotations

Branches:
Dungeon (12/12)            Temple (0/1) D:4            Lair (6/6) D:8
 Shoals (3/3) Lair:4        Snake (3/3) Lair:3        Slime (5/5) Orc
    Orc (1/1) D:11            Elf (3/3) Lair:6       Vaults (3/3) D:12
  Crypt (0/2) Vaults:2     Depths (5/5) D:12            Zot (5/5) Depths:5

Altars:
Fedhas
Gozag
Kikubaaqudgha
Makhleb
Nemelex Xobeh
Okawaru
Xom
Yredelemnul
Jiyva

Shops:
D:4 :   D:5 =   D:7 }   D:11 =   D:12 *   Orc ([[*%   Elf:2 %   Shoals:2 ?
Snake:2 *   Vaults:1 }   Vaults:2 ?

Portals:
Hell: Depths:1 Depths:2 Depths:3 Depths:4 Depths:5
Abyss: Depths:2 Depths:3 Depths:4 Depths:5
Pandemonium: Depths:3 Depths:4 Depths:5
Ziggurat: Depths:4


Innate Abilities, Weirdness & Mutations

You have claws for hands.
A powerful demonic guardian rushes to your aid.
You frequently emit foul miasma when damaged in melee.
Your magical and physical power is greatly enhanced at high health.
You are immune to rotting.
When seriously injured, your bleeding wounds create very thick armour. (AC +0)
You have a pair of small antennae on your head.
You have hoof-like feet.
You can translocate small distances at will.
Your mind is very acute. (Int +4)
Your flesh is cold resistant. (rC+)
Armour fits poorly on your strangely shaped body.
Your body sometimes deteriorates upon taking damage.
Your flesh is heat resistant. (rF+)
Your magical capacity is low. (-10% MP)
You are highly resistant to hostile enchantments. (MR++)
You passively map a large area around you.
Your system is resistant to poisons. (rPois)
You are very robust. (+20% HP)
You do not regenerate when monsters are visible.
Your muscles are very strong. (Str +4)
Your spells are a little harder to cast, but a little more powerful.
You evolve.


Message History

You climb upwards.
There is a stone staircase leading down here.
There is a stone staircase leading up here.
You climb upwards.
There is a stone staircase leading down here.
There is a stone staircase leading up here.
You climb upwards.
There is a stone staircase leading down here.
You use a rune to identify the item.
You see here a +0 hand axe.
A chaos spawn comes into view.
You eviscerate the chaos spawn!!!
You kill the chaos spawn!
Makhleb accepts your kill.
The chaos spawn degenerates into a cloud of primal chaos!
No target in view!
No target in view!
There is a staircase leading out of the dungeon here.
The power of the Orb breaks the dimensional shunt like a soap bubble!
You have escaped!

######## ####.# #.##.#
#....# #......# #....#
#)##.###....# .......#
#.##.## ##.##..##....#
#......#
#.###.###.####.###รท###
......## #.# ##.#.## ##.#
#.# ####### #.## ##.##
##..# #.# ##.###.#.###.#.#
#.# ##.#.#.#.#.##.###.#
##.#.@.#.###..##.#
##.#.#.#.#.###.##.#
##.###.#.###.##.##.# ##.##
##.## ##.#.##.#####
###...###.#.###...........#
#####
#...#..#.###.##.#..##.###.#
....###...##^.##
##.#.#.......#.#
..........#####
#.....#....##.# ....###...#
#####......##.#


There were no monsters in sight!

Vanquished Creatures
  Cerebov (Pan)
  Dissolution (Slime:5)
  Gloorx Vloq (Pan)
  3 juggernauts
  Mnoleg (Pan)
  Lom Lobon (Pan)
  5 orbs of fire
  Mara (Vaults:3)
  2 ancient liches (Zot:5)
  A pandemonium lord (Pan)
  the Enchantress (Depths:3)
  The ghost of Jonui the Fencer, a veteran BaIE of Cheibriados (Depths:3)
  9 Killer Klowns
  Margery (Depths:5)
  Bai Suzhen (Elf:3)
  10 golden dragons
  Saint Roka (Depths:4)
  2 curse toes
  Frederick (Depths:4)
  7 caustic shrikes
  7 rockslimes
  2 bone dragons (Zot:1)
  A profane servitor (Zot:5)
  2 hellephants
  A Shadow Fiend (Pan)
  4 Brimstone Fiends (Pan)
  3 electric golems
  2 Orb Demons
  The ghost of Cumu the Bludgeoner, an adept GrFi of the Shining One (Depths:3)
  5 liches
  An iron giant (Depths:3)
  27 Orb Guardians
  A wendigo (Depths:4)
  An Ice Fiend (Pan)
  2 deep elf blademasters
  A Hell Sentinel (Pan)
  12 tentacled monstrosities
  The ghost of Toutuipp the Warrior, an adept GrFi of Okawaru (Snake:3)
  9 quicksilver dragons
  5 sphinxes
  2 deep elf master archers (Elf:3)
  5 titans
  20 acid blobs
  13 Executioners
  5 death cobs
  A tentacled starspawn (Abyss:1)
  4 draconian monks
  6 nagarajas
  9 storm dragons
  5 tengu reavers
  Roxanne (D:12)
  10 shadow dragons
  9 azure jellies
  3 draconian knights
  4 war gargoyles (Vaults:3)
  21 cacodemons
  A juggernaut zombie (Depths:3)
  A corrupter (Depths:3)
  10 fire giants
  2 iron dragons
  13 vault wardens
  9 frost giants
  10 balrugs
  5 orc warlords
  4 deep elf sorcerers
  5 ghost moths
  Louise (Depths:2)
  4 deep elf elementalists
  2 curse skulls (Pan)
  An eye of devastation (Depths:4)
  14 ironheart preservers
  6 draconian annihilators
  6 spriggan defenders
  3 reapers (Pan)
  27 stone giants
  4 draconian shifters
  A draconian scorcher (Zot:4)
  The ghost of tronn the Protected, a journeyman DsAc of Gozag (Elf:1)
  3 jiangshi (Depths:4)
  A blood saint (Depths:3)
  25 very ugly things
  The ghost of PlayerOfArmor the Impaler, a journeyman MiFi of Qazlal (Lair:6)
  2 green draconians
  6 dire elephants
  A black draconian (Zot:1)
  A black sun (Pan)
  8 deep elf demonologists
  2 vampire knights
  8 deep elf annihilators
  4 lorocyprocas
  4 red draconians
  4 spark wasps (Depths:3)
  17 purple draconians
  6 white draconians
  9 yellow draconians
  2 pale draconians (Depths:5)
  A crystal guardian (Vaults:3)
  An entropy weaver (Vaults:1)
  8 deep elf death magi
  7 statues (WizLab)
  4 blizzard demons
  11 ettins
  3 merfolk javelineers
  8 green deaths
  6 fire dragons
  7 merfolk impalers
  10 yaktaur captains
  A monstrous demonspawn (Pan)
  4 deep elf high priests
  A quicksilver dragon skeleton (Pan)
  13 rakshasas
  6 ice dragons
  22 vault guards
  13 great orbs of eyes
  6 shadow wraiths
  4 spriggan air magi
  Psyche (D:10)
  8 hydras
  4 naga warriors
  3 merfolk avatars
  25 two-headed ogres
  3 merfolk aquamancers (Shoals:3)
  2 death knights
  An alligator (Depths:3)
  A death ooze (Slime:5)
  21 anacondas
  29 dancing weapons
  5 deep troll earth magi
  A satyr (Shoals:2)
  16 death yaks
  3 ironheart beastmasters
  5 ogre magi
  3 ancient automatons
  14 deep troll shamans
  2 vampire magi
  3 hell hogs (Depths:3)
  10 naga sharpshooters
  2 spriggans
  7 spriggan berserkers
  18 deep elf knights
  A thrashing horror (Abyss:1)
  A tengu warrior (Elf:1)
  32 deep trolls
  6 sun demons
  5 sea snakes
  7 shock serpents
  3 skeletal warriors
  The ghost of kosoiffoigrumme1174 the Covert, a novice VSMo of Okawaru (D:8)
  8 soul eaters
  13 centaur warriors
  16 sixfirhies
  A wretched star (Abyss:1)
  A storm dragon skeleton (Pan)
  A spatial maelstrom (Abyss:1)
  4 salamander mystics
  2 iron trolls
  23 hell knights
  A swamp dragon (shapeshifter) (Vaults:1)
  8 flayed ghosts
  2 goliath frogs (Lair:6)
  7 glowing orange brains
  2 unseen horrors (Pan)
  3 gelid demonspawn
  7 naga ritualists
  2 shadow demons
  6 wizards
  2 wolf spider zombies
  5 cyclopes
  5 phantasmal warriors
  17 deep elf archers
  29 large abominations
  An orb spider (shapeshifter) (D:12)
  12 orc knights
  12 harpies
  8 necromancers
  15 ironheart convokers
  9 naga magi
  3 mana vipers
  24 ugly things
  A wolf spider (shapeshifter) (Vaults:3)
  4 draconians (Zot:1)
  4 orc sorcerers
  4 oklob plants
  49 deep elf magi
  10 shining eyes
  3 fauns (Shoals:2)
  An apocalypse crab (Abyss:1)
  2 worldbinders (Abyss:1)
  6 manticores
  2 guardian serpents (shapeshifter)
  18 salamanders
  An ice statue (IceCv)
  8 guardian serpents
  2 rust devils
  A merfolk siren (Shoals:2)
  A will-o'-wisp (Abyss:1)
  24 moths of wrath
  2 stone giant skeletons (Depths:2)
  12 water nymphs
  18 black mambas
  23 orange demons
  13 vault sentinels
  8 elephants
  A spriggan zombie (Depths:2)
  11 smoke demons
  A cane toad (shapeshifter) (Depths:1)
  22 cane toads
  A demonic crawler (D:7)
  A gargoyle (D:10)
  3 hellions (Pan)
  A rime drake (Lair:3)
  26 yaktaurs
  11 komodo dragons
  2 eyes of draining
  13 hellwings
  4 tormentors (Pan)
  7 freezing wraiths
  An eye of draining (shapeshifter) (Vaults:3)
  2 efreet
  7 tengu conjurers
  3 red devils
  4 ice devils
  An ancient zyme (Abyss:1)
  14 polar bears (IceCv)
  2 trolls
  Maurice (D:8)
  A shadow dragon simulacrum (Depths:3)
  20 merfolk
  5 tyrant leeches
  2 hornets
  4 wind drakes (Shoals:3)
  2 harpy skeletons
  23 dream sheep
  6 snapping turtles
  20 blink frogs
  A hydra skeleton (Pan)
  A fire giant simulacrum (Vaults:2)
  Grum (D:10)
  A meliai zombie (D:10)
  A snapping turtle (shapeshifter) (Snake:2)
  113 slime creatures
  A hippogriff (shapeshifter) (Vaults:2)
  5 air elementals
  A blink frog (shapeshifter) (Depths:5)
  7 hippogriffs
  4 wyverns
  24 water elementals
  3 wraiths
  A shadow (Abyss:1)
  A wyvern (shapeshifter) (Elf:2)
  8 ynoxinuls
  21 golden eyes
  A hog (shapeshifter) (Vaults:2)
  3 basilisks
  31 yaks
  3 steam dragons (Depths:5)
  3 hungry ghosts
  2 fire elementals (Elf:3)
  A golden eye (shapeshifter) (D:12)
  2 redbacks (Vaults:1)
  20 neqoxecs
  13 chaos spawn
  6 vampire mosquitoes (Lair:6)
  6 wargs
  32 nagas
  13 crocodiles
  A swamp worm (shapeshifter) (Vaults:2)
  4 acid dragons
  7 spatial vortices
  A floating eye (Pan)
  3 hell hounds (Abyss:1)
  7 porcupines
  A black bear (Lair:1)
  A sky beast (D:10)
  13 water moccasins
  3 hornet zombies
  A swamp drake (D:8)
  A cane toad skeleton (Pan)
  50 orc warriors
  2 ice beasts
  A necrophage (D:8)
  4 phantoms
  17 wolves
  22 ogres
  23 boggarts
  A tengu (shapeshifter) (Depths:2)
  A bullfrog (shapeshifter) (D:12)
  10 kobold brigands (D:8)
  18 bullfrogs
  4 elf zombies
  A glowing shapeshifter simulacrum (Depths:3)
  2 earth elementals (Elf:2)
  25 centaurs
  A scorpion (shapeshifter) (Vaults:1)
  7 small abominations (Abyss:1)
  5 scorpions
  A water moccasin skeleton (D:10)
  10 wights
  15 killer bees
  16 orc priests
  A howler monkey (D:6)
  A troll skeleton (D:8)
  3 electric eels
  5 crimson imps
  2 bullfrog zombies
  10 jellies
  4 quasits
  6 human zombies
  8 hounds
  A human skeleton (D:8)
  2 bullfrog skeletons (D:6)
  2 iron imps (Depths:4)
  3 iguanas
  18 worker ants
  20 orc wizards
  2 hound zombies
  A mummy (D:8)
  2 worker ant zombies
  15 adders
  6 river rats
  4 shadow imps
  5 white imps
  An ufetubus (Depths:4)
  10 oozes
  An adder zombie (D:5)
  3 worms
  3 dart slugs
  3 leopard geckos
  82 orcs
  5 giant cockroaches
  A giant cockroach (shapeshifter) (D:2)
  11 goblins
  7 hobgoblins
  8 jackals
  6 quokkas
  10 ball pythons
  3 bats
  7 frilled lizards
  2 jackal skeletons (D:4)
  16 kobolds
  30 rats
  4 fire vortices
  8 fungi
  4 plants (Lair:2)
  3 starspawn tentacles (Abyss:1)
2516 creatures vanquished.

Vanquished Creatures (collateral kills)
  A pandemonium lord (Pan)
  2 juggernauts
  2 orbs of fire (Zot:5)
  A golden dragon (Zot:5)
  3 Killer Klowns (Zot:5)
  The ghost of Qiwept the Fencer, a veteran BaIE of Cheibriados (Depths:3)
  2 tentacled monstrosities
  2 Orb Guardians (Zot:5)
  A lich (Vaults:3)
  A titan (Depths:5)
  An acid blob (Slime:5)
  A deep elf blademaster (Elf:3)
  A death cob (Zot:4)
  2 tengu reavers (Vaults:3)
  5 storm dragons
  2 nagarajas (Snake:3)
  A draconian monk (Zot:1)
  2 war gargoyles (Vaults:2)
  A deep elf sorcerer (Vaults:2)
  2 orc warlords
  A draconian stormcaller (Zot:1)
  3 vault wardens
  A ghost moth (Zot:2)
  A draconian scorcher (Zot:3)
  2 ironheart preservers
  3 stone giants
  A draconian annihilator (Pan)
  2 spriggan defenders
  A very ugly thing (Depths:3)
  2 black draconians
  2 deep elf annihilators (Elf:3)
  A dire elephant (Vaults:2)
  A green draconian (Zot:1)
  An entropy weaver (Vaults:3)
  2 red draconians
  A minotaur (Depths:3)
  4 white draconians
  A deep elf death mage (Depths:5)
  A purple draconian (Zot:4)
  A green death (Depths:4)
  An ettin (Vaults:3)
  2 statues (WizLab)
  4 merfolk impalers (Shoals:3)
  A yaktaur captain (Vaults:2)
  A naga warrior (Snake:3)
  An ice dragon (Depths:5)
  2 hydras (Lair:6)
  7 vault guards
  A rakshasa (Vaults:3)
  2 spriggan air magi
  A death ooze (Slime:5)
  3 ogre magi
  2 anacondas (Snake:3)
  9 two-headed ogres
  A death yak (Lair:6)
  A satyr (Shoals:3)
  A tengu warrior (Vaults:2)
  A deep troll shaman (Depths:3)
  A merfolk aquamancer (Shoals:3)
  A dancing weapon (Elf:1)
  A spriggan berserker (Depths:2)
  A naga sharpshooter (Snake:3)
  2 deep elf knights
  A sun demon (Pan)
  6 deep trolls
  A spriggan (Depths:2)
  A centaur warrior (Vaults:2)
  A sixfirhy (Pan)
  A salamander mystic (Snake:2)
  A skeletal warrior (D:8)
  2 hell knights
  An iron troll (Depths:3)
  A glowing orange brain (Depths:4)
  A naga ritualist (Snake:3)
  An unseen horror (shapeshifter) (Elf:2)
  4 deep elf archers
  A gelid demonspawn (Pan)
  A phantasmal warrior (Depths:3)
  A cyclops (Shoals:1)
  15 deep elf magi
  4 harpies
  3 naga magi
  2 manticores
  3 ugly things
  A salamander (Snake:3)
  A faun (Shoals:1)
  A draconian (Zot:1)
  3 moths of wrath
  A merfolk siren (Shoals:3)
  An elephant (Lair:5)
  A rust devil (Depths:4)
  3 vault sentinels
  3 black mambas
  3 water nymphs
  An orange demon (Pan)
  3 smoke demons (Pan)
  3 cane toads
  A rime drake (shapeshifter) (Depths:1)
  A freezing wraith (Vaults:2)
  2 komodo dragons
  A red devil (Depths:4)
  A tengu conjurer (Elf:2)
  An eye of draining (D:10)
  4 yaktaurs
  A troll (Vaults:2)
  3 merfolk (Shoals:3)
  4 wind drakes (Shoals:3)
  A queen bee (D:8)
  A tyrant leech (Lair:6)
  5 blink frogs
  2 hornets
  2 slime creatures
  5 dream sheep
  Sigmund (D:3)
  A water elemental (Shoals:3)
  A ynoxinul (Pan)
  A golden eye (shapeshifter) (Depths:2)
  A chaos spawn (Pan)
  5 yaks
  2 wargs (Orc)
  5 nagas
  A crocodile (D:8)
  A floating eye (Pan)
  7 orc warriors
  A necrophage (D:6)
  An ogre (Vaults:2)
  A wolf (IceCv)
  A bullfrog (Lair:6)
  A centaur (Orc)
  A killer bee (D:8)
  2 quasits (Depths:4)
  4 jellies (Lair:1)
  A hound (shapeshifter) (D:1)
  2 orc wizards
  A hound (D:10)
  2 worker ants
  A worker ant zombie (D:6)
  2 adders
  5 oozes
  8 orcs
  2 kobolds (D:8)
  3 ball pythons
  A frilled lizard (Sewer)
  4 fire vortices (Pan)
295 creatures vanquished.

Vanquished Creatures (others)
  the Royal Jelly (Slime:5)
  3 acid blobs (Slime:5)
  An eldritch tentacle (Pan)
  10 azure jellies (Slime:5)
  A stone giant (Depths:4)
  A very ugly thing (Depths:2)
  A spriggan defender (Depths:2)
  A lorocyproca (Pan)
  2 yaktaur captains (Depths:5)
  A great orb of eyes (Slime:5)
  A queen ant (Lair:5)
  3 death oozes (Slime:5)
  A merfolk aquamancer (Shoals:3)
  8 dancing weapons
  A deep troll earth mage (Depths:1)
  A spriggan berserker (Depths:2)
  A deep troll (Depths:1)
  A glowing orange brain (Pan)
  A phantasmal warrior (Vaults:3)
  A wizard (Depths:2)
  2 necromancers
  A naga mage (Snake:2)
  2 deep elf magi
  A draconian (Zot:1)
  2 ugly things
  A water nymph (Shoals:3)
  A black mamba (Snake:2)
  3 cane toads (Lair:6)
  9 yaktaurs
  3 polar bears (IceCv)
  2 slime creatures
  A neqoxec (Pan)
  A spatial vortex (Snake:3)
  A crocodile (Lair:5)
  5 soldier ants (Lair:5)
  A porcupine (Lair:5)
  An orc warrior (Vaults:3)
  A wolf (IceCv)
  A bullfrog (Lair:5)
  An orc priest (Elf:1)
  16 worker ants (Lair:5)
  2 orcs
  A fire vortex (Vaults:3)
  26 fungi
  73 plants
  A starspawn tentacle (Abyss:1)
200 creatures vanquished.

Grand Total: 3011 creatures vanquished

Notes
Turn   | Place    | Note
-------+----------+-------------------------------------------
     0 | D:1      | petercordia2 the Demonspawn Chaos Knight began the quest
                  | for the Orb.
     0 | D:1      | Reached XP level 1. HP: 18/18 MP: 1/1
    92 | D:1      | XOM: divination: magic mapping
   134 | D:1      | Reached skill level 1 in Dodging
   205 | D:1      | Gained mutation: A weak demonic guardian rushes to your
                  | aid. [demonic ancestry]
   205 | D:1      | Reached XP level 2. HP: 22/24 MP: 2/2
   313 | D:1      | XOM: harmless Hex miscast
   393 | D:1      | Gained mutation: You are immune to rotting. [demonic
                  | ancestry]
   393 | D:1      | Reached XP level 3. HP: 27/29 MP: 3/3
   446 | D:1      | XOM: harmless Necr miscast
   478 | D:1      | XOM: scenery: create altars
   728 | D:2      | XOM: god gift: gnarled jewelled staff {god gift}
   864 | D:2      | Gained mutation: You may emit foul miasma when damaged in
                  | melee. [demonic ancestry]
   864 | D:2      | Reached XP level 4. HP: 36/36 MP: 4/4
   943 | D:2      | XOM: scenery: 2 doors open, 1 doors close
  1427 | D:3      | Noticed Sigmund
  1485 | D:3      | XOM: divination: detect items
  1494 | D:3      | XOM: smoke on damage
  1527 | D:3      | XOM: smoke on damage
  1532 | D:3      | Gained mutation: You are dopey. (Int -2) [potion of
                  | mutation]
  1532 | D:3      | Gained mutation: You tend to lose your temper in combat.
                  | [potion of mutation]
  1532 | D:3      | Gained mutation: You have sharp toenails. [potion of
                  | mutation]
  1532 | D:3      | Gained mutation: Your system is resistant to poisons.
                  | (rPois) [potion of mutation]
  1742 | D:3      | XOM: smoke on damage
  1744 | D:3      | Reached skill level 1 in Shields
  1798 | D:3      | Reached XP level 5. HP: 37/42 MP: 5/5
  1843 | D:3      | Found a white marble altar of Elyvilon.
  1845 | D:3      | Found a burning altar of Makhleb.
  2164 | D:3      | Killed Sigmund
  2165 | D:3      | Gained mutation: When seriously injured, your bleeding
                  | wounds create armour. (AC +0) [demonic ancestry]
  2165 | D:3      | Reached XP level 6. HP: 49/49 MP: 6/6
  2183 | D:3      | Fell from the grace of Xom
  2183 | D:3      | Became a worshipper of Makhleb the Destroyer
  2631 | D:4      | Found a staircase to the Ecumenical Temple.
  2666 | D:4      | Reached skill level 5 in Fighting
  2704 | D:4      | Found the ring of the Mage {MR+ Archmagi}
  2724 | D:4      | XOM: god gift: ivory hunting sling {god gift}
  2725 | D:4      | Got an ivory hunting sling {god gift}
  2726 | D:4      | Identified the +8 hunting sling of the Lesser Evil {flame,
                  | Dex+4} (Xom gifted it to you on level 4 of the Dungeon)
  2830 | D:4      | Gained mutation: You have sharp fingernails. [demonic
                  | ancestry]
  2830 | D:4      | Reached XP level 7. HP: 56/56 MP: 7/7
  3036 | D:4      | Found Nagacupp's Book Shop.
  3223 | D:4      | XOM: medium Air miscast
  3238 | D:5      | Entered Level 5 of the Dungeon
  3343 | D:5      | XOM: give mutations
  3343 | D:5      | Gained mutation: You are covered in fur. (AC +1) [Xom's
                  | grace]
  3343 | D:5      | Gained mutation: You are somewhat resistant to further
                  | mutation. [Xom's grace]
  3355 | D:5      | Reached * piety under Makhleb
  3556 | D:5      | Found Sathrebat's Jewellery Shoppe.
  3614 | D:5      | Reached XP level 8. HP: 52/64 MP: 8/8
  3658 | D:5      | XOM: cloud trail
  3690 | D:5      | XOM: harmless Tmut miscast
  3813 | D:6      | XOM: potion effect (brilliance)
  3829 | D:6      | Reached skill level 5 in Dodging
  3837 | D:6      | Reached skill level 5 in Armour
  3867 | D:6      | Found a sparkling altar of Nemelex Xobeh.
  3889 | D:6      | XOM: potion effect (agility)
  3894 | D:6      | Reached ** piety under Makhleb
  3906 | D:6      | Got a fine bronze amulet
  3959 | D:6      | XOM: 2-stop teleportation journey
  3977 | D:6      | Gained mutation: You have very sharp fingernails. [demonic
                  | ancestry]
  3977 | D:6      | Reached XP level 9. HP: 74/74 MP: 9/9
  4015 | D:6      | XOM: harmless Chrm miscast
  4037 | D:6      | Found a glowing drain.
  4041 | Sewer    | Entered a sewer
  4244 | Sewer    | Reached *** piety under Makhleb
  4956 | D:6      | XOM: enchant monster (bad)
  5198 | D:7      | Found Coisogei's Gadget Boutique.
  5260 | D:7      | Identified the amulet "Vaic" {Spirit *Contam rF+ rN+++ MR+}
                  | (You found it on level 6 of the Dungeon)
  5704 | D:7      | Reached skill level 1 in Invocations
  5801 | D:7      | XOM: mild Pois miscast
  6164 | D:8      | Reached skill level 10 in Fighting
  6167 | D:8      | XOM: scenery: 1 doors open
  6171 | D:8      | XOM: scenery: create altars
  6177 | D:8      | Gained mutation: When seriously injured, your bleeding
                  | wounds create thick armour. (AC +0) [demonic ancestry]
  6177 | D:8      | Reached XP level 10. HP: 84/85 MP: 11/11
  6194 | D:8      | XOM: potion effect (brilliance)
  6197 | D:8      | Reached **** piety under Makhleb
  6207 | D:8      | XOM: destruction
  6284 | D:7      | XOM: scenery: 1 doors close
  6331 | D:8      | Noticed Maurice
  6591 | D:8      | Killed Maurice
  6634 | D:8      | XOM: scenery: create altars
  6807 | D:8      | Found a runed translucent gate.
  6807 | D:8      | Found a runed translucent gate.
  6807 | D:8      | Found a runed translucent gate.
  6808 | D:8      | Noticed kosoiffoigrumme1174's ghost (novice VSMo)
  6809 | D:8      | Identified the +5 short sword of a volcano {drain, rPois
                  | rC- Str+3 Dex+4}
  6952 | D:8      | XOM: noise
  7141 | D:8      | XOM: harmless Fire miscast
  7196 | D:8      | Found a staircase to the Lair.
  7364 | D:8      | Found a basalt altar of Yredelemnul.
  7518 | D:8      | XOM: harmless Chrm miscast
  7726 | D:8      | XOM: noise
  7727 | D:8      | XOM: divination: magic mapping
  7732 | D:8      | XOM: potion effect (brilliance)
  7735 | D:8      | Killed kosoiffoigrumme1174's ghost
  7736 | D:8      | Reached skill level 5 in Shields
  7736 | D:8      | Gained mutation: You have claws for hands. [demonic
                  | ancestry]
  7736 | D:8      | Reached XP level 11. HP: 93/93 MP: 14/14
  7742 | D:8      | Reached ***** piety under Makhleb
  7851 | D:9      | Noticed a two-headed ogre
  7858 | D:9      | Killed a two-headed ogre
  7899 | D:9      | Reached skill level 1 in Unarmed Combat
  7962 | D:9      | Noticed a centaur warrior
  7966 | D:9      | XOM: mild Hex miscast
  7972 | D:9      | Killed a centaur warrior
  7973 | D:9      | Reached skill level 2 in Unarmed Combat
  8050 | D:9      | Reached skill level 3 in Unarmed Combat
  8068 | D:9      | Noticed a skeletal warrior
  8070 | D:9      | Noticed a skeletal warrior
  8073 | D:9      | Noticed a skeletal warrior
  8076 | D:9      | XOM: harmless Hex miscast
  8084 | D:9      | XOM: cast spell 'Summon Small Mammal'
  8104 | D:8      | XOM: divination: detect items
  8116 | D:8      | XOM: cast spell 'Shadow Creatures'
  8119 | D:8      | XOM: destruction
  8212 | D:8      | Killed a skeletal warrior
  8213 | D:8      | Reached skill level 4 in Unarmed Combat
  8215 | D:8      | XOM: god gift: opal ring {god gift}
  8326 | D:8      | XOM: cloud trail
  8334 | Lair:1   | Entered Level 1 of the Lair of Beasts
  8510 | Lair:1   | XOM: mild Tloc miscast
  8674 | Lair:1   | Got a jewelled buckler
  8691 | Lair:1   | XOM: polymorph iron imp -> quasit
  8698 | Lair:1   | Reached skill level 5 in Unarmed Combat
  8711 | Lair:1   | Identified the cursed +0 buckler "Raepsoca" {Str+3 Dex+2}
                  | (You found it on level 1 of the Lair of Beasts)
  8934 | Lair:1   | Reached skill level 5 in Invocations
  8938 | Lair:1   | XOM: cloud trail
  8944 | Lair:1   | Noticed an oklob plant
  8953 | Lair:1   | XOM: polymorph ufetubus -> crimson imp
  8976 | Lair:1   | XOM: summons friendly crimson imp
  8987 | Lair:1   | Killed an oklob plant
  9192 | Lair:2   | Noticed a death yak
  9192 | Lair:2   | Noticed a death yak
  9192 | Lair:2   | Noticed a death yak
  9192 | Lair:2   | Noticed a death yak
  9192 | Lair:2   | XOM: destruction
  9194 | Lair:2   | Noticed a death yak
  9195 | Lair:2   | Noticed a death yak
  9199 | Lair:2   | XOM: 1-stop teleportation journey
  9221 | Lair:2   | XOM: confusion (+ monsters)
  9223 | Lair:2   | XOM: harmless Conj miscast
  9427 | Lair:2   | XOM: harmless Conj miscast
  9450 | Lair:2   | XOM: noise
  9499 | Lair:2   | XOM: enchant monster (good)
  9515 | Lair:2   | XOM: confuse monster(s)
  9515 | Lair:2   | Killed a death yak
  9520 | Lair:2   | XOM: enchant monster (bad)
  9568 | Lair:2   | Killed a death yak
  9569 | Lair:2   | Reached XP level 12. HP: 88/102 MP: 14/16
  9575 | Lair:2   | Killed a death yak
  9582 | Lair:2   | Killed a death yak
  9583 | Lair:2   | Reached skill level 6 in Unarmed Combat
  9584 | Lair:2   | Killed a death yak
  9598 | Lair:2   | Killed a death yak
  9793 | Lair:2   | Found a blossoming altar of Fedhas.
  9871 | Lair:2   | XOM: smoke on damage
 10070 | Lair:2   | XOM: mild Chrm miscast
 10112 | Lair:2   | XOM: silly message
 10449 | Lair:3   | XOM: give mutations
 10449 | Lair:3   | Gained mutation: You are clumsy. (Dex -2) [Xom's mischief]
 10449 | Lair:3   | Gained mutation: You are robust. (+10% HP) [Xom's mischief]
 10449 | Lair:3   | Lost mutation: You have sharp toenails. [Xom's mischief]
 10449 | Lair:3   | Gained mutation: You are somewhat resistant to both further
                  | mutation and mutation removal. [Xom's mischief]
 10556 | Lair:3   | Noticed an eight-headed hydra
 10570 | Lair:3   | Killed an eight-headed hydra
 10571 | Lair:3   | Reached skill level 7 in Unarmed Combat
 10580 | Lair:3   | XOM: snakes to sticks
 10585 | Lair:3   | XOM: give mutations
 10585 | Lair:3   | Gained mutation: Armour fits poorly on your strangely
                  | shaped body. [Xom's mischief]
 10585 | Lair:3   | Lost mutation: You are somewhat resistant to both further
                  | mutation and mutation removal. [Xom's mischief]
 10585 | Lair:3   | Gained mutation: You are weak. (Str -2) [Xom's mischief]
 10585 | Lair:3   | Lost mutation: Your system is resistant to poisons. (rPois)
                  | [Xom's mischief]
 10593 | Lair:3   | XOM: confusion (+ monsters)
 10641 | Lair:3   | XOM: give mutation
 10641 | Lair:3   | Gained mutation: You expend magic power (3 MP) to
                  | strengthen your wands. [Xom's mischief]
 10842 | Lair:3   | Found a staircase to the Snake Pit.
 10876 | Lair:3   | Reached ****** piety under Makhleb
 10885 | Lair:3   | XOM: smoke on damage
 11024 | Lair:3   | Got a transparent leather armour
 11052 | Lair:3   | Identified the cursed +0 leather armour of the Skies Above
                  | {rF+ Int+6} (You found it on level 3 of the Lair of Beasts)
 11146 | Lair:3   | XOM: silly message
 11188 | Lair:3   | XOM: harmless Tmut miscast
 11507 | Lair:3   | XOM is BORED!
 11507 | Lair:3   | XOM: give mutations
 11507 | Lair:3   | Lost mutation: You are robust. (+10% HP) [Xom's mischief]
 11507 | Lair:3   | Lost mutation: Armour fits poorly on your strangely shaped
                  | body. [Xom's mischief]
 11507 | Lair:3   | Lost mutation: You tend to lose your temper in combat.
                  | [Xom's mischief]
 11507 | Lair:3   | Lost mutation: You are covered in fur. (AC +1) [Xom's
                  | mischief]
 11534 | Lair:4   | Noticed a six-headed hydra
 11539 | Lair:4   | Killed a six-headed hydra
 11574 | Lair:4   | Reached skill level 8 in Unarmed Combat
 11578 | Lair:4   | XOM: potion effect (curing)
 11580 | Lair:4   | XOM: cleaving
 11589 | Lair:4   | XOM: summons friendly quasit
 11608 | Lair:4   | Reached XP level 13. HP: 86/111 MP: 9/19
 11610 | Lair:4   | XOM: enchant monster (bad)
 11636 | Lair:4   | XOM: harmless Fire miscast
 11826 | Lair:3   | XOM: silly message
 11827 | Lair:3   | XOM: enchant monster (good)
 11979 | Lair:4   | Found a staircase to the Shoals.
 11997 | Lair:4   | Reached skill level 9 in Unarmed Combat
 12006 | Lair:4   | XOM: cleaving
 12026 | Lair:4   | XOM: divination: detect items
 12045 | Lair:4   | XOM: confuse monster(s)
 12201 | Lair:4   | XOM: potion effect (might)
 12206 | Lair:4   | XOM: harmless Erth miscast
 12285 | Lair:4   | XOM: mild Erth miscast
 12377 | Lair:4   | XOM: enchant monster (good)
 12797 | Lair:4   | XOM: god gift: 23 gold pieces
 12886 | Lair:5   | XOM: enchant monster (good)
 13078 | Lair:5   | Reached skill level 10 in Unarmed Combat
 13078 | Lair:5   | XOM: fake destruction
 13512 | Lair:5   | XOM: divination: detect items
 13518 | Lair:5   | XOM: cleaving
 13640 | Lair:5   | XOM: god gift: wand of iceblast (5)
 13870 | Lair:6   | Entered Level 6 of the Lair of Beasts
 13893 | Lair:6   | XOM: divine lightning
 13912 | Lair:6   | XOM: polymorph bullfrog -> quokka
 13958 | Lair:6   | Reached skill level 11 in Unarmed Combat
 13991 | Lair:6   | XOM: polymorph quasit -> crimson imp
 14028 | Lair:6   | XOM: summons 13 friendly demons
 14035 | Lair:5   | XOM: scenery: 1 doors close
 14208 | Lair:5   | XOM: polymorph six-headed hydra -> tyrant leech
 14357 | Lair:6   | XOM: summons friendly white imp
 14358 | Lair:6   | Gained mutation: A demonic guardian rushes to your aid.
                  | [demonic ancestry]
 14358 | Lair:6   | Reached XP level 14. HP: 118/118 MP: 20/20
 14366 | Lair:6   | XOM: noise
 14371 | Lair:6   | XOM: polymorph white imp -> quasit
 14468 | Lair:6   | XOM: mild Tloc miscast
 14778 | Lair:6   | Reached skill level 12 in Unarmed Combat
 14796 | Lair:6   | XOM: potion effect (haste)
 14820 | Lair:6   | XOM: harmless Conj miscast
 14876 | Lair:6   | XOM: polymorph smoke demon -> ynoxinul
 14957 | Lair:6   | XOM: mild Tmut miscast
 14971 | Lair:6   | XOM: 1-stop teleportation journey
 15082 | Lair:6   | XOM: summons 1 hostile shadow creature
 15112 | Lair:6   | Cast into level 1 of the Abyss (Xom)
 15144 | Lair:6   | Escaped the Abyss
 15333 | Lair:6   | Found a transporter.
 15336 | Lair:6   | Noticed PlayerOfArmor's ghost (journeyman MiFi)
 15337 | Lair:6   | Found a transporter.
 15357 | Lair:6   | Found a staircase to the Elven Halls.
 15361 | Lair:6   | XOM: confusion
 15523 | Lair:6   | XOM: silly message
 15546 | Lair:6   | XOM: confuse monster(s)
 16117 | D:9      | XOM: 1-stop teleportation journey
 16322 | D:9      | XOM: 2-stop teleportation journey
 16499 | D:9      | Reached skill level 13 in Unarmed Combat
 16597 | D:9      | XOM: stat loss: -1 Dex (11/12)
 16604 | D:10     | XOM: noise
 16604 | D:10     | Entered Level 10 of the Dungeon
 16604 | D:10     | Noticed Psyche
 16610 | D:10     | Killed Psyche
 16668 | D:10     | XOM: mild Necr miscast
 16734 | D:10     | XOM: noise
 16856 | D:10     | Noticed Grum
 16867 | D:10     | Killed Grum
 16872 | D:10     | XOM: divination: detect items
 17077 | D:10     | XOM: silly message
 17129 | D:10     | XOM: divination: magic mapping
 17185 | D:11     | Found a staircase to the Orcish Mines.
 17383 | D:11     | Reached skill level 10 in Armour
 17394 | D:11     | Found Zob Haum's Jewellery Emporium.
 17537 | D:11     | XOM: mild Necr miscast
 17575 | D:11     | XOM: noise
 17866 | D:11     | XOM: god gift: 106 poisoned tomahawks
 17867 | D:11     | XOM: harmless Pois miscast
 17934 | D:11     | XOM: 3-stop teleportation journey
 17935 | D:11     | XOM: medium Conj miscast
 17944 | D:11     | Gained mutation: You frequently emit foul miasma when
                  | damaged in melee. [demonic ancestry]
 17944 | D:11     | Reached XP level 15. HP: 110/124 MP: 17/22
 18255 | Orc      | Entered the Orcish Mines
 18255 | Orc      | Found Exkut's Weapon Emporium.
 18270 | Orc      | XOM: mild Pois miscast
 18382 | Orc      | XOM: chaos upgrade
 18565 | Orc      | Reached skill level 14 in Unarmed Combat
 18606 | Orc      | Noticed an orc warlord
 18632 | Orc      | XOM: medium Necr miscast
 18660 | Orc      | Noticed an orc warlord
 18663 | Orc      | XOM: blink monster(s)
 18714 | Orc      | Killed an orc warlord
 18716 | Orc      | XOM: cleaving
 18746 | Orc      | XOM: enchant monster (bad)
 18901 | Orc      | Reached skill level 10 in Invocations
 19024 | Orc      | XOM: harmless Summ miscast
 19086 | Orc      | XOM: enchant monster (bad)
 19426 | Orc      | Found Pyom's Antique Armour Shoppe.
 19426 | Orc      | Found Qaroqor's Assorted Antiques.
 19428 | Orc      | Found Impu Ifo's Food Shop.
 19430 | Orc      | Found Falypt's Antique Armour Emporium.
 19483 | Orc      | XOM: cleaving
 19489 | Orc      | XOM: cast spell 'Cause Fear'
 19500 | Orc      | Killed an orc warlord
 19511 | Orc      | Found a roughly hewn altar of Beogh.
 19550 | Orc      | Found a viscous altar of Jiyva.
 19552 | Orc      | Found a staircase to the Slime Pits.
 19584 | Orc      | XOM: cloud trail
 19748 | D:9      | XOM is BORED!
 19748 | D:9      | XOM: medium Tmut miscast
 19895 | Snake:1  | Entered Level 1 of the Snake Pit
 19902 | Snake:1  | XOM: cleaving
 19919 | Snake:1  | XOM: give mutations
 19919 | Snake:1  | Lost mutation: You are somewhat resistant to further
                  | mutation. [Xom's grace]
 19919 | Snake:1  | Gained mutation: You evolve. [Xom's grace]
 19919 | Snake:1  | Gained mutation: You have sharp toenails. [Xom's grace]
 19919 | Snake:1  | Gained mutation: You have razor-sharp toenails. [Xom's
                  | grace]
 19919 | Snake:1  | Gained mutation: You are robust. (+10% HP) [Xom's grace]
 19942 | Snake:1  | Lost mutation: You are dopey. (Int -2) [evolution]
 20053 | Snake:1  | XOM: polymorph shock serpent -> dream sheep
 20069 | Snake:1  | XOM: mild Necr miscast
 20154 | Snake:1  | XOM: give mutations
 20154 | Snake:1  | Gained mutation: You rapidly evolve. [Xom's grace]
 20154 | Snake:1  | Lost mutation: You are clumsy. (Dex -2) [Xom's grace]
 20281 | Snake:1  | XOM: summons 15 friendly demons
 20297 | Snake:1  | XOM: god gift: 1335 gold pieces
 20519 | Snake:1  | XOM: god gift: box of beasts
 20770 | Orc      | Bought the +18 shield of the Gong {rElec rN+ MR+ EV-5} for
                  | 2432 gold pieces
 20770 | Orc      | Found the +18 shield of the Gong {rElec rN+ MR+ EV-5}
 20898 | D:8      | XOM: mild Chrm miscast
 21170 | Snake:1  | XOM: 1-stop teleportation journey
 21299 | Snake:2  | XOM: polymorph naga warrior -> mana viper
 21332 | Snake:2  | XOM: confusion (+ monsters)
 21350 | Snake:2  | XOM: confusion
 21359 | Snake:2  | XOM: harmless Air miscast
 21435 | Snake:2  | Reached skill level 15 in Unarmed Combat
 21542 | Snake:2  | XOM: enchant monster (bad)
 21591 | Snake:2  | XOM is BORED!
 21591 | Snake:2  | XOM: polymorph sixfirhy -> tormentor
 21636 | Snake:2  | Noticed a nagaraja
 21642 | Snake:2  | XOM: summons friendly shadow imp
 21645 | Snake:2  | Killed a nagaraja
 21711 | Snake:2  | Noticed a nagaraja
 21720 | Snake:2  | Killed a nagaraja
 21826 | Snake:2  | XOM: summons 3 friendly demons
 21834 | Snake:2  | XOM: confuse monster(s)
 21841 | Snake:2  | XOM: scenery: create altars
 22003 | Snake:2  | XOM: scenery: create altars
 22357 | Snake:2  | Found Cacod's Assorted Antiques.
 22371 | Snake:2  | Bought a potion of berserk rage for 72 gold pieces
 22667 | Snake:3  | Entered Level 3 of the Snake Pit
 22675 | Snake:3  | XOM: enchant monster (good)
 22681 | Snake:3  | XOM: cleaving
 22683 | Snake:3  | Gained mutation: Your mind is acute. (Int +2) [evolution]
 22685 | Snake:3  | Reached XP level 16. HP: 145/145 MP: 24/24
 22718 | Snake:3  | XOM: medium Tloc miscast
 22733 | Snake:3  | XOM: potion effect (invisibility)
 22759 | Snake:3  | XOM: noise
 22769 | Snake:3  | XOM: cast spell 'Shadow Creatures'
 22900 | Snake:3  | XOM: cast spell 'Leda's Liquefaction'
 22922 | Snake:3  | XOM: harmless Necr miscast
 22976 | Snake:3  | XOM: scenery: create altars
 23411 | Snake:3  | Reached skill level 16 in Unarmed Combat
 23412 | Snake:3  | XOM: chaos cloud
 23440 | Snake:3  | XOM: torment (98/146 hp)
 23446 | Snake:3  | Paralysed by you for 2 turns
 23542 | Snake:3  | Found a runed translucent door.
 23542 | Snake:3  | Noticed Toutuipp's ghost (adept GrFi)
 23728 | Snake:3  | XOM: confuse monster(s)
 23962 | Snake:3  | Lost mutation: You are weak. (Str -2) [evolution]
 23997 | Snake:3  | XOM: harmless Tmut miscast
 24043 | Snake:3  | XOM: mild Fire miscast
 24242 | Snake:3  | XOM: cast spell 'Call Canine Familiar'
 24254 | Snake:3  | Reached skill level 10 in Shields
 24272 | Snake:3  | XOM: confuse monster(s)
 24293 | Snake:3  | XOM: blink monster(s)
 24307 | Snake:3  | XOM: enchant monster (good)
 24308 | Snake:3  | XOM: mild Tmut miscast
 24404 | Snake:3  | XOM: medium Tloc miscast
 24598 | Snake:3  | Reached XP level 17. HP: 154/154 MP: 25/25
 24679 | Snake:3  | Identified 2 scrolls of acquirement
 24679 | Snake:3  | Got a serpentine rune of Zot
 24849 | Snake:3  | Killed Toutuipp's ghost
 24912 | Snake:3  | XOM: cloud trail
 25207 | D:8      | Identified the +0 hat of Nihilism {*Contam rPois rF- Str+8}
                  | (You acquired it on level 8 of the Dungeon)
 25207 | D:8      | Identified the amulet "Joffac" {Gourm rPois Str-3 Int+2}
                  | (You acquired it on level 8 of the Dungeon)
 25209 | D:8      | Identified the +9 hand crossbow "Ytwaucwu" {velocity, rN+
                  | MP-9 Int+4} (You acquired it on level 8 of the Dungeon)
 25209 | D:8      | Identified the +1 chain mail "Waush" {rC+} (You acquired it
                  | on level 8 of the Dungeon)
 25209 | D:8      | Identified the amulet "Hoywu" {Reflect rPois SH+4} (You
                  | acquired it on level 8 of the Dungeon)
 25359 | D:8      | Gained mutation: You are very robust. (+20% HP) [evolution]
 25452 | D:12     | Entered Level 12 of the Dungeon
 25469 | D:12     | XOM: cast spell 'Dispersal'
 25480 | D:12     | Found a staircase to the Depths.
 25589 | D:12     | Found a frozen archway.
 25615 | IceCv    | Entered an ice cave
 25635 | IceCv    | XOM: 2-stop teleportation journey
 25650 | IceCv    | Reached skill level 1 in Throwing
 25887 | IceCv    | XOM: confuse monster(s)
 26000 | IceCv    | XOM: medium Hex miscast
 26099 | IceCv    | XOM: summons friendly crimson imp
 26181 | IceCv    | Identified the ring "Zuod Boo" {Ice rN+}
 26337 | D:12     | Reached skill level 17 in Unarmed Combat
 26449 | D:12     | Found Myzu Rog's Assorted Antiques.
 26557 | D:12     | Noticed Roxanne
 26567 | D:12     | XOM: divination: detect creatures
 26576 | D:12     | Killed Roxanne
 26577 | D:12     | Identified Roxanne's Compendium of Earth (You took it off
                  | Roxanne on level 12 of the Dungeon)
 26685 | D:12     | XOM: potion effect (brilliance)
 26734 | D:12     | XOM: give mutations
 26734 | D:12     | Gained mutation: You can translocate small distances at
                  | will. [Xom's grace]
 26734 | D:12     | Gained mutation: You have a pair of small horns on your
                  | head. [Xom's grace]
 26734 | D:12     | Gained mutation: Your spells are a little harder to cast,
                  | but a little more powerful. [Xom's grace]
 26734 | D:12     | Gained mutation: You are extremely robust. (+30% HP) [Xom's
                  | grace]
 26866 | D:12     | Found a gate to the Vaults.
 27072 | D:12     | Bought a transparent granite ring for 150 gold pieces
 27072 | D:12     | Identified the cursed ring of Greater Demons {+Blink Int-4
                  | Slay+2 Stlth--} (You bought it in a shop on level 12 of the
                  | Dungeon)
 27100 | Vaults:1 | Entered Level 1 of the Vaults
 27116 | D:12     | XOM: 1-stop teleportation journey
 27137 | D:12     | XOM: god gift: plate armour {god gift}
 27583 | Lair:6   | Killed PlayerOfArmor's ghost
 27682 | Elf:1    | Entered Level 1 of the Elven Halls
 27683 | Elf:1    | Found a runed translucent gate.
 27683 | Elf:1    | Found a runed translucent gate.
 27683 | Elf:1    | Found a runed translucent gate.
 27700 | Elf:1    | Reached skill level 5 in Throwing
 27738 | Elf:1    | XOM: give mutations
 27738 | Elf:1    | Gained mutation: You are resistant to hostile enchantments.
                  | (MR+) [Xom's grace]
 27738 | Elf:1    | Gained mutation: Your system is resistant to poisons.
                  | (rPois) [Xom's grace]
 27738 | Elf:1    | Gained mutation: You have a pair of horns on your head.
                  | [Xom's grace]
 27782 | Elf:1    | XOM: medium Chrm miscast
 27798 | Elf:1    | Noticed tronn's ghost (journeyman DsAc)
 27818 | Elf:1    | XOM: potion effect (haste)
 27821 | Elf:1    | XOM: summons 3 friendly demons
 27832 | Elf:1    | XOM: 4-stop teleportation journey
 27870 | Elf:1    | XOM: destruction
 28003 | Elf:1    | Found a magical portal.
 28016 | WizLab   | Entered Iskenderun's Mystic Tower
 28035 | WizLab   | XOM: summons 16 friendly demons
 28044 | WizLab   | XOM: divination: detect items
 28058 | WizLab   | XOM: scenery: create altars
 28085 | WizLab   | XOM: cast spell 'Call Canine Familiar'
 28135 | WizLab   | Identified the Incunabulum of the Unstable Traveller
 28223 | WizLab   | XOM: summons friendly white imp
 28229 | WizLab   | Identified Iskenderun's Catalogue of Attacks
 28229 | WizLab   | Identified Iskenderun's Disquisition on Attacks
 28349 | WizLab   | XOM: divination: detect items
 28388 | WizLab   | XOM: cast spell 'Metabolic Englaciation'
 28397 | WizLab   | Gained mutation: Your magical and physical power is
                  | slightly enhanced at high health. [demonic ancestry]
 28397 | WizLab   | Reached XP level 18. HP: 191/191 MP: 27/27
 28483 | WizLab   | Reached skill level 10 in Throwing
 29038 | Elf:1    | Lost mutation: You can translocate small distances at will.
                  | [evolution]
 29038 | Elf:1    | Lost mutation: You rapidly evolve. [decline of evolution]
 29182 | Elf:1    | Identified the Grimoire of Evil
 29311 | Elf:1    | XOM: mild Conj miscast
 29380 | Elf:1    | XOM: enchant monster (bad)
 29403 | Elf:1    | XOM: harmless Tloc miscast
 29429 | Elf:1    | Found a roughly hewn altar of Beogh.
 29432 | Elf:1    | XOM: cast spell 'Summon Small Mammal'
 29677 | Elf:1    | XOM: scenery: create altars
 29924 | Elf:1    | XOM: god gift: 53 gold pieces
 29958 | Elf:1    | XOM: polymorph soul eater -> sun demon
 29963 | Elf:1    | XOM: scenery: create altars
 29967 | Elf:1    | Killed tronn's ghost
 29969 | Elf:1    | XOM: summons 3 friendly demons
 29974 | Elf:1    | XOM: scenery: create altars
 30013 | Elf:1    | XOM: cloud trail
 30031 | Elf:1    | XOM: divination: detect items
 30150 | Elf:2    | XOM: god gift: 48 gold pieces
 30152 | Elf:2    | Reached skill level 15 in Armour
 30309 | Elf:2    | XOM: enchant monster (good)
 30310 | Elf:2    | XOM: summons 2 friendly demons
 30311 | Elf:2    | XOM: divine lightning
 30315 | Elf:2    | XOM: summons 2 friendly demons
 30325 | Elf:2    | XOM: fog
 30386 | Elf:2    | XOM: enchant monster (good)
 30390 | Elf:2    | XOM: confuse monster(s)
 30395 | Elf:2    | XOM: mild Tloc miscast
 30524 | Elf:2    | Found Paehiuri's Food Boutique.
 30565 | Elf:2    | Found an ancient bone altar of Kikubaaqudgha.
 30565 | Elf:2    | XOM: 3-stop teleportation journey
 30697 | Elf:2    | Lost mutation: You have a pair of horns on your head.
                  | [evolution]
 30747 | Elf:2    | Found a huge runed gate.
 30747 | Elf:2    | Found a huge runed gate.
 30748 | Elf:2    | Found a huge runed gate.
 30749 | Elf:2    | Found a huge runed gate.
 30752 | Elf:2    | Found a huge runed gate.
 30838 | Elf:2    | XOM: harmless Pois miscast
 30861 | Elf:2    | XOM: give mutations
 30861 | Elf:2    | Lost mutation: You evolve. [Xom's mischief]
 30861 | Elf:2    | Lost mutation: Your spells are a little harder to cast, but
                  | a little more powerful. [Xom's mischief]
 30861 | Elf:2    | Lost mutation: You have a pair of small horns on your head.
                  | [Xom's mischief]
 30945 | Elf:2    | XOM: noise
 30985 | Elf:2    | XOM: summons 3 hostile shadow creatures
 31168 | Elf:2    | XOM: summons friendly crimson imp
 31169 | Elf:2    | XOM: polymorph deep elf knight -> something unseen
 31173 | Elf:2    | XOM: enchant monster (bad)
 31181 | Elf:2    | XOM: swap monsters
 31187 | Elf:2    | XOM: harmless Necr miscast
 31200 | Elf:2    | XOM: stat loss: -1 Int (16/17)
 31207 | Elf:2    | XOM: 2-stop teleportation journey
 31461 | Elf:2    | XOM: confuse monster(s)
 31470 | Elf:2    | Gained mutation: When seriously injured, your bleeding
                  | wounds create very thick armour. (AC +0) [demonic ancestry]
 31470 | Elf:2    | Reached XP level 19. HP: 198/198 MP: 28/28
 31774 | Elf:3    | Entered Level 3 of the Elven Halls
 31814 | Elf:3    | Noticed Bai Suzhen
 31834 | Elf:3    | Killed Bai Suzhen
 31840 | Elf:3    | XOM: summons 2 hostile demons
 31858 | Elf:3    | XOM: summons 6 hostile demons
 31871 | Elf:3    | XOM: chaos upgrade
 31885 | Elf:3    | XOM: noise
 31886 | Elf:3    | XOM: scenery: 1 doors open, 2 doors close
 31890 | Elf:3    | XOM: confuse monster(s)
 31952 | Elf:3    | XOM: enchant monster (good)
 31962 | Elf:3    | XOM: summons 3 friendly demons
 32408 | Elf:3    | Identified the ring "Tioghusk" {+Fly rPois}
 32684 | Elf:3    | XOM: god gift: spear {god gift}
 32741 | Elf:3    | XOM: confuse monster(s)
 32813 | Elf:3    | Identified the ring "Miri" {Fire *Corrode rN+ Str+2 Int+2
                  | SInv}
 32815 | Elf:3    | XOM: cast spell 'Alistair's Intoxication'
 32855 | Elf:3    | Identified the cursed +0 leather armour of Lontamuf
                  | {*Contam Str+2 Int+4 Dex+2}
 32855 | Elf:3    | Identified the ring of Uxeisagh {rElec MR+ Int+8}
 32861 | Elf:3    | XOM: scenery: create altars
 32877 | Elf:3    | XOM: potion effect (berserk rage)
 32877 | Elf:3    | Identified the +3 chain mail of Nemelex Xobeh's Whim {MR-
                  | Int+5 Slay+3}
 32878 | Elf:3    | Identified the +10 short sword of Hepebev {flame, Int+3}
 32905 | Elf:3    | XOM: enchant monster (good)
 32963 | Elf:3    | XOM: scenery: create altars
 32967 | Elf:3    | XOM: confusion
 33066 | Elf:3    | XOM: give mutations
 33066 | Elf:3    | Lost mutation: You have razor-sharp toenails. [Xom's
                  | mischief]
 33066 | Elf:3    | Gained mutation: Scrolls take you a little longer to read.
                  | [Xom's mischief]
 33192 | Elf:3    | Identified the +9 demon blade of Hyil {freeze, Int+3}
 33196 | Elf:3    | Noticed a Brimstone Fiend
 33225 | Elf:3    | Found the +6 scimitar of Flaming Death {sticky flame, rF++
                  | rC- MR+}
 33226 | Elf:3    | XOM: enchant monster (good)
 33249 | Elf:3    | Identified the +4 arbalest of Squeaky Watchfulness {flame,
                  | +Fly Int+3}
 33611 | Lair:4   | XOM: give mutation
 33611 | Lair:4   | Gained mutation: You are covered in fur. (AC +1) [Xom's
                  | mischief]
 33967 | Lair:4   | XOM: harmless Pois miscast
 34020 | Lair:4   | XOM: god gift: 181 stones
 34064 | Lair:3   | XOM: god gift: scroll of teleportation
 34112 | Shoals:1 | Entered Level 1 of the Shoals
 34147 | Shoals:1 | XOM: confuse monster(s)
 34163 | Shoals:1 | XOM: snakes to sticks
 34176 | Shoals:1 | XOM: enchant monster (good)
 34208 | Shoals:1 | XOM: enchant monster (good)
 34233 | Shoals:1 | XOM: noise
 34846 | Shoals:1 | XOM: summons 9 hostile demons
 34938 | Shoals:1 | XOM: medium Pois miscast
 34951 | Shoals:1 | XOM: cloud trail
 35024 | Shoals:2 | XOM: 2-stop teleportation journey
 35098 | Shoals:2 | Found Peitz's Magic Scroll Shop.
 35224 | Shoals:2 | Bought a scroll of acquirement for 936 gold pieces
 35226 | Shoals:2 | Identified the ring "Gudaipp" {EV+4 Str+3 Int+4} (You
                  | acquired it on level 2 of the Shoals)
 35501 | D:10     | XOM: scenery: create altars
 35526 | Orc      | XOM: give mutation
 35526 | Orc      | Gained mutation: Your muscles are strong. (Str +2) [Xom's
                  | grace]
 35561 | Orc      | Bought a scroll of enchant armour for 210 gold pieces
 35561 | Orc      | Bought a scroll of enchant armour for 210 gold pieces
 35970 | Shoals:2 | XOM: 2-stop teleportation journey
 36065 | Shoals:2 | XOM: god gift: 29 needles of confusion
 36199 | Shoals:2 | XOM: god gift: scroll of vulnerability
 36207 | Shoals:2 | Identified the +0 ring mail of Voutereli {rCorr Int+4} (Xom
                  | gifted it to you on level 2 of the Shoals)
 36207 | Shoals:2 | XOM: god gift: +0 ring mail of Voutereli {rCorr Int+4}
 36265 | Shoals:3 | Entered Level 3 of the Shoals
 36265 | Shoals:3 | Found an iron altar of Okawaru.
 36273 | Shoals:3 | XOM: divine lightning
 36357 | Shoals:3 | XOM: confuse monster(s)
 36385 | Shoals:3 | XOM: summons 5 friendly demons
 36390 | Shoals:3 | Gained mutation: A powerful demonic guardian rushes to your
                  | aid. [demonic ancestry]
 36390 | Shoals:3 | Reached XP level 20. HP: 208/208 MP: 27/29
 36394 | Shoals:3 | Identified the ring of Iziel {*Tele *Drain +Blink MP+9
                  | Str+4}
 36550 | Shoals:3 | Identified the +1 scale mail of the Ward {rN+ Str+2}
 36760 | Shoals:3 | Got a barnacled rune of Zot
 36810 | Shoals:3 | XOM: god gift: scroll of fog
 36876 | Shoals:3 | XOM: potion effect (magic)
 36897 | Shoals:3 | XOM: confuse monster(s)
 36928 | Shoals:3 | Identified the amulet "Dedofeof" {Acrobat Int+4} (You
                  | acquired it on level 3 of the Shoals)
 37055 | Shoals:3 | XOM: noise
 37418 | Lair:4   | XOM: mild Ice miscast
 37655 | Vaults:1 | XOM: cast spell 'Call Canine Familiar'
 37657 | Vaults:1 | XOM: potion effect (agility)
 37710 | Vaults:1 | XOM: confuse monster(s)
 37769 | Vaults:1 | XOM: mild Hex miscast
 37805 | Vaults:1 | XOM: harmless Necr miscast
 37818 | Vaults:1 | Reached skill level 18 in Unarmed Combat
 37824 | Vaults:1 | Reached skill level 15 in Fighting
 37824 | Vaults:1 | XOM: divination: detect creatures
 37830 | Vaults:1 | XOM: cast spell 'Summon Scorpions'
 38051 | Vaults:1 | Found Kiachur's Gadget Shop.
 38243 | Vaults:1 | XOM: potion effect (agility)
 38250 | Vaults:1 | XOM: cast spell 'Steam Barrier'
 38251 | Vaults:1 | XOM: enchant monster (good)
 38309 | Vaults:1 | XOM: silly message
 38320 | Vaults:1 | XOM: potion effect (invisibility)
 38391 | Vaults:1 | XOM: 3-stop teleportation journey
 39131 | Vaults:2 | XOM: confuse monster(s)
 39134 | Vaults:2 | Reached skill level 10 in Dodging
 39159 | Vaults:2 | Gained mutation: Your magical and physical power is
                  | enhanced at high health. [demonic ancestry]
 39159 | Vaults:2 | Reached XP level 21. HP: 219/219 MP: 31/31
 39173 | Vaults:2 | Reached skill level 15 in Throwing
 39181 | Vaults:2 | XOM: fog
 39189 | Vaults:2 | XOM: cleaving
 39192 | Vaults:2 | XOM: scenery: 2 doors open, 1 doors close
 39313 | Vaults:2 | XOM: scenery: 4 doors open
 39344 | Vaults:2 | XOM: god gift: 57 gold pieces
 39435 | Vaults:2 | Found a staircase to the Crypt.
 39435 | Vaults:2 | Found an ancient bone altar of Kikubaaqudgha.
 39435 | Vaults:2 | Found a basalt altar of Yredelemnul.
 39458 | Vaults:2 | XOM: confuse monster(s)
 39593 | Vaults:2 | XOM: god gift: ration
 39701 | Vaults:2 | XOM: enchant monster (good)
 39722 | Vaults:2 | XOM: summons 16 friendly demons
 39765 | Vaults:2 | Found Xyth's Magic Scroll Shoppe.
 39774 | Vaults:2 | XOM: cloud trail
 39775 | Vaults:2 | Bought a scroll of revelation for 72 gold pieces
 39775 | Vaults:2 | Bought a scroll of revelation for 72 gold pieces
 39775 | Vaults:2 | Bought a scroll of teleportation for 54 gold pieces
 39775 | Vaults:2 | Bought a scroll of fear for 90 gold pieces
 40242 | Vaults:2 | XOM: give mutations
 40242 | Vaults:2 | Gained mutation: Your mind is very acute. (Int +4) [Xom's
                  | grace]
 40242 | Vaults:2 | Gained mutation: Your natural rate of healing is unusually
                  | fast. [Xom's grace]
 40284 | Vaults:2 | XOM: scenery: create altars
 40299 | Vaults:2 | XOM: cleaving
 40307 | Vaults:2 | XOM: enchant monster (good)
 40309 | Vaults:2 | XOM: swap monsters
 40329 | Vaults:2 | XOM: divination: magic mapping
 40333 | Vaults:2 | XOM: chaos cloud
 40335 | Vaults:2 | Reached skill level 19 in Unarmed Combat
 40349 | Vaults:2 | Paralysed by you for 4 turns
 40534 | Vaults:3 | Entered Level 3 of the Vaults
 40560 | Vaults:3 | XOM: summons friendly white imp
 40562 | Vaults:3 | XOM: harmless Fire miscast
 40580 | Vaults:3 | XOM: destruction
 40600 | Vaults:3 | XOM: summons friendly shadow imp
 40613 | Vaults:3 | Identified the +5 trident of Causality {pierce, SInv}
 40623 | Vaults:3 | XOM: cleaving
 40629 | Vaults:3 | XOM: scenery: create altars
 40693 | Vaults:3 | XOM: scenery: create altars
 40695 | Vaults:3 | Identified the +5 leather armour "Lainiosi" {rC+ rN+ Str+4}
 40751 | Vaults:3 | XOM: god gift: staff of wizardry
 40754 | Vaults:3 | Identified the ring of Moutt {rElec rPois rN+++ MP+9 Str-4}
 40768 | Vaults:3 | Identified the +4 long sword of Thoughtfulness {speed,
                  | rElec Int+5 Stlth-}
 40807 | Vaults:3 | XOM: 4-stop teleportation journey
 40876 | Vaults:3 | XOM: potion effect (brilliance)
 40885 | Vaults:3 | XOM: fake destruction
 40891 | Vaults:3 | XOM: cleaving
 40892 | Vaults:3 | XOM: confuse monster(s)
 40897 | Vaults:3 | Reached XP level 22. HP: 231/231 MP: 29/32
 40899 | Vaults:3 | XOM: summons friendly crimson imp
 40902 | Vaults:3 | XOM: cast spell 'Dispersal'
 40922 | Vaults:3 | XOM: swap monsters
 40929 | Vaults:3 | Identified the Disquisition on Dark Venom
 40929 | Vaults:3 | XOM: 4-stop teleportation journey
 40943 | Vaults:3 | XOM: polymorph reaper -> balrug
 40954 | Vaults:3 | XOM: scenery: create altars
 40963 | Vaults:3 | XOM: god gift: staff of cold
 40992 | Vaults:3 | Reached skill level 20 in Unarmed Combat
 40993 | Vaults:3 | XOM: cleaving
 41028 | Vaults:3 | Noticed Mara
 41037 | Vaults:3 | XOM: enchant monster (good)
 41044 | Vaults:3 | XOM: swap monsters
 41059 | Vaults:3 | Noticed petercordia2's illusion
 41069 | Vaults:3 | XOM: fog
 41087 | Vaults:3 | Noticed petercordia2's illusion
 41114 | Vaults:3 | Noticed a juggernaut
 41119 | Vaults:3 | XOM: harmless Ice miscast
 41122 | Vaults:3 | XOM: potion effect (curing)
 41128 | Vaults:3 | Killed a juggernaut
 41132 | Vaults:3 | XOM: mild Summ miscast
 41154 | Vaults:3 | XOM: noise
 41160 | Vaults:3 | XOM: confusion (+ monsters)
 41163 | Vaults:3 | XOM: mild Tloc miscast
 41357 | Vaults:3 | Identified the ring "Esagoun" {Slay+5 Stlth++}
 41397 | Vaults:3 | Got a silver rune of Zot
 41440 | Vaults:3 | Identified the +2 plate armour of Lifelessness {rElec rN++
                  | Int+4}
 41440 | Vaults:3 | XOM: summons 5 friendly demons
 41443 | Vaults:3 | Noticed petercordia2's illusion
 41445 | Vaults:3 | XOM: confuse monster(s)
 41480 | Vaults:3 | XOM: mild Conj miscast
 41514 | Vaults:3 | XOM: mild Fire miscast
 41520 | Vaults:3 | Noticed petercordia2's illusion
 41521 | Vaults:3 | Killed Mara
 41522 | Vaults:3 | Reached XP level 23. HP: 243/243 MP: 28/34
 41573 | Vaults:3 | XOM: harmless Conj miscast
 41585 | Vaults:3 | XOM: 1-stop teleportation journey
 41749 | Vaults:3 | Identified the amulet of Suspicion {Reflect +Blink Dex+5
                  | SH+5}
 41833 | Vaults:3 | Identified the amulet "Befer" {Spirit rPois Str+7 Int-4
                  | Stlth+}
 41951 | Vaults:3 | XOM: mild Summ miscast
 41986 | Vaults:3 | Identified the +1 plate armour of Hepliaklqana's Scorn {MR-
                  | Regen+ Int+5}
 41990 | Vaults:3 | Reached skill level 15 in Invocations
 41991 | Vaults:3 | Identified Xealipec's Thaumaturgy Continued
 42099 | Vaults:3 | XOM: summons 11 hostile demons
 42317 | Vaults:3 | Identified the +11 longbow of Bamiag {seek, Str+2}
 42427 | Vaults:3 | XOM: cloud trail
 42474 | Vaults:2 | XOM: give mutations
 42474 | Vaults:2 | Gained mutation: You are agile. (Dex +2) [Xom's grace]
 42474 | Vaults:2 | Gained mutation: You passively map a small area around you.
                  | [Xom's grace]
 42474 | Vaults:2 | Gained mutation: You possess an exceptional clarity of
                  | mind. [Xom's grace]
 42578 | Vaults:2 | XOM: god gift: wand of acid (7)
 42641 | Depths:1 | Entered Level 1 of the Depths
 42661 | Depths:1 | Found a gateway to Hell.
 42670 | Depths:1 | XOM: summons 2 friendly demons
 42780 | Depths:1 | XOM: summons friendly shadow imp
 42795 | Depths:1 | XOM: harmless Erth miscast
 42816 | Depths:1 | XOM: divine lightning
 42849 | Depths:1 | XOM: harmless Fire miscast
 42853 | Depths:1 | XOM: divination: detect creatures
 42856 | Depths:1 | XOM: 1-stop teleportation journey
 42975 | Depths:1 | XOM: summons friendly iron imp
 43027 | Depths:1 | XOM: divine lightning
 43039 | Depths:1 | Reached skill level 21 in Unarmed Combat
 43105 | Depths:1 | XOM: cast spell 'Monstrous Menagerie'
 43113 | Depths:1 | XOM: swap monsters
 43162 | Depths:1 | XOM: blink monster(s)
 43178 | Depths:1 | XOM: swap monsters
 43199 | Depths:1 | XOM: divination: detect creatures
 43201 | Depths:1 | XOM: cast spell 'Summon Small Mammal'
 43504 | Depths:1 | XOM: swap monsters
 43573 | Depths:1 | Found a runed door.
 44147 | Depths:1 | XOM: potion effect (agility)
 44149 | Depths:1 | XOM: noise
 44303 | Depths:2 | Noticed a juggernaut
 44312 | Depths:2 | Killed a juggernaut
 44346 | Depths:2 | XOM: 1-stop teleportation journey
 44349 | Depths:2 | XOM: medium Tmut miscast
 44365 | Depths:2 | XOM: potion effect (haste)
 44366 | Depths:2 | Found a portal to a secret trove of treasure.
 44367 | Depths:2 | XOM: fog
 44439 | Depths:2 | Noticed a caustic shrike
 44447 | Depths:2 | Killed a caustic shrike
 44463 | Depths:2 | XOM: cleaving
 44477 | Depths:2 | Noticed a caustic shrike
 44482 | Depths:2 | Killed a caustic shrike
 44491 | Depths:2 | Noticed a juggernaut
 44500 | Depths:2 | XOM: enchant monster (good)
 44502 | Depths:2 | XOM: scenery: create altars
 44507 | Depths:2 | Killed a juggernaut
 44525 | Depths:2 | Reached XP level 24. HP: 256/256 MP: 25/34
 44526 | Depths:2 | XOM: polymorph cyan ugly thing -> salamander
 44536 | Depths:2 | XOM: destruction
 44552 | Depths:2 | Reached skill level 22 in Unarmed Combat
 44776 | Depths:2 | XOM: give mutation
 44776 | Depths:2 | Gained mutation: You passively map the area around you.
                  | [Xom's grace]
 45011 | Depths:2 | Identified the ring "Lohu" {rElec Dex+5 Slay-6 SInv}
 45133 | Depths:2 | XOM: scenery: 3 doors close
 45158 | Depths:2 | Noticed Louise
 45165 | Depths:2 | Killed Louise
 45169 | Depths:2 | Found a one-way gate to the infinite horrors of the Abyss.
 45183 | Depths:2 | Identified the cursed amulet "Oligeul" {Inacc rPois}
 45254 | Depths:2 | XOM: give mutations
 45254 | Depths:2 | Gained mutation: Your skin changes colour to match your
                  | surroundings (Stealth+). [Xom's grace]
 45254 | Depths:2 | Gained mutation: You have an increased reservoir of magic.
                  | (+10% MP) [Xom's grace]
 45254 | Depths:2 | Gained mutation: You are covered in thick fur. (AC +2)
                  | [Xom's grace]
 45623 | Depths:3 | XOM: 7-stop teleportation journey
 45713 | Depths:3 | XOM: potion effect (agility)
 45725 | Depths:3 | XOM: potion effect (might)
 45726 | Depths:3 | Identified the +4 faerie dragon scales {rF+ Regen+ rCorr}
 45726 | Depths:3 | Noticed the Enchantress
 45729 | Depths:3 | XOM: summons friendly white imp
 45737 | Depths:3 | XOM: confuse monster(s)
 45747 | Depths:3 | XOM: polymorph stone giant -> minotaur
 45748 | Depths:3 | XOM: scenery: create altars
 45754 | Depths:3 | XOM: summons friendly ufetubus
 45757 | Depths:3 | XOM: potion effect (agility)
 45760 | Depths:3 | Killed the Enchantress
 45765 | Depths:3 | XOM: divination: detect creatures
 45772 | Depths:3 | XOM: polymorph stone giant -> alligator
 45810 | Depths:3 | XOM: scenery: 1 doors close
 45829 | Depths:2 | XOM: scenery: 3 doors close
 46100 | Depths:2 | You paid a toll of a +6 demon trident to enter a treasure
                  | trove
 46101 | Trove    | Entered a treasure trove
 46129 | Trove    | Identified the ring of Tulips {rF++ Str+3 Int+5}
 46196 | Depths:2 | XOM: summons 12 hostile demons
 46215 | Depths:2 | XOM: give mutations
 46215 | Depths:2 | Gained mutation: You are very agile. (Dex +4) [Xom's grace]
 46215 | Depths:2 | Gained mutation: You can translocate small distances at
                  | will. [Xom's grace]
 46242 | Depths:3 | Found a one-way gate leading to the halls of Pandemonium.
 46261 | Depths:3 | XOM: scenery: 1 doors open
 46282 | Depths:3 | Identified the cursed ring "Raiddo" {Dex+2 Slay-6 SInv
                  | Stlth--}
 46420 | Vaults:1 | Bought a wand of digging (13) for 336 gold pieces
 46420 | Vaults:1 | Bought a wand of digging (7) for 192 gold pieces
 46534 | Pan      | Entered Pandemonium
 46558 | Pan      | XOM: potion effect (brilliance)
 46584 | Pan      | XOM: cast spell 'Olgreb's Toxic Radiance'
 46599 | Pan      | Noticed Ceaded the pandemonium lord
 46601 | Pan      | XOM: divination: detect items
 46612 | Pan      | Killed Ceaded the pandemonium lord
 46663 | Pan      | Entered the realm of Cerebov.
 46872 | Pan      | Identified the cursed +1 troll leather armour of Analysis
                  | {rPois rN+ Regen+ Int+3 Dex+3}
 46874 | Pan      | XOM: divination: magic mapping
 46911 | Pan      | Identified Cipsiysk's Handbook of Flamy Battle Magic
 46973 | Pan      | Identified the +10 great sword "Aqikhal" {protect, *Drain
                  | MP+9 Str+3 Stlth+}
 47000 | Pan      | Identified the +3 hunting sling of Cataclysm {venom, *Drain
                  | rN+ Str+5}
 47021 | Pan      | Identified the +10 giant club of Xom's Outrage {crush,
                  | +Blink MR- Dex+6 Stlth+}
 47024 | Pan      | Identified the +4 hand crossbow "Veurehim" {penet, rPois
                  | rF- Int+6}
 47030 | Pan      | Identified the +6 sword of Cerebov {flame}
 47030 | Pan      | Noticed Cerebov
 47046 | Pan      | XOM: cast spell 'Summon Butterflies'
 47061 | Pan      | Killed Cerebov
 47062 | Pan      | Reached XP level 25. HP: 278/278 MP: 35/38
 47076 | Pan      | Got a fiery rune of Zot
 47093 | Pan      | XOM: divination: detect items
 47207 | Pan      | XOM: enchant monster (bad)
 47209 | Pan      | Gained mutation: Scrolls take you longer to read. [a
                  | cacodemon]
 47216 | Pan      | XOM: 3-stop teleportation journey
 47228 | Pan      | XOM: summons 2 hostile demons
 47230 | Pan      | Gained mutation: Scrolls take you much longer to read. [a
                  | cacodemon]
 47231 | Pan      | Gained mutation: Your body sometimes deteriorates upon
                  | taking damage. [a cacodemon]
 47243 | Pan      | XOM: noise
 47244 | Pan      | XOM: enchant monster (good)
 47244 | Pan      | Noticed Ecuwes the pandemonium lord
 47465 | Pan      | XOM: confuse monster(s)
 47475 | Pan      | XOM: enchant monster (good)
 47561 | Pan      | Entered the realm of Lom Lobon.
 47724 | Pan      | XOM: potion effect (magic)
 47810 | Pan      | Noticed Lom Lobon
 47820 | Pan      | Reached skill level 15 in Dodging
 47836 | Pan      | XOM: cast spell 'Dispersal'
 47853 | Pan      | Killed Lom Lobon
 47867 | Pan      | Got a magical rune of Zot
 47914 | Pan      | XOM: swap monsters
 47952 | Pan      | XOM: polymorph blizzard demon -> lorocyproca
 48028 | Pan      | Entered the realm of Mnoleg.
 48071 | Pan      | Noticed Mnoleg
 48076 | Pan      | XOM: mild Erth miscast
 48078 | Pan      | Paralysed by a floating eye for 3 turns
 48130 | Pan      | Identified the +9 war axe of Frustration {chop, +Rage
                  | Dex+3}
 48148 | Pan      | Lost mutation: You are very agile. (Dex +4) [a cacodemon]
 48150 | Pan      | Gained mutation: Armour fits poorly on your strangely
                  | shaped body. [a cacodemon]
 48160 | Pan      | XOM: polymorph Mnoleg -> Mnoleg
 48365 | Pan      | XOM: polymorph shadow imp -> white imp
 48369 | Pan      | XOM: swap monsters
 48371 | Pan      | Gained mutation: Your body often deteriorates upon taking
                  | damage. [a cacodemon]
 48380 | Pan      | Identified the +3 plate armour "Ileeczoq" {*Corrode rPois
                  | rF+ MR+ Int+3}
 48418 | Pan      | XOM: polymorph Mnoleg -> Mnoleg
 48425 | Pan      | Killed Mnoleg
 48431 | Pan      | Gained mutation: Your spells are a little easier to cast,
                  | but a little less powerful. [a cacodemon]
 48448 | Pan      | Reached skill level 23 in Unarmed Combat
 48523 | Pan      | XOM: polymorph shadow imp -> white imp
 48562 | Pan      | Identified the Disquisition on the Glacier and the Rocks
 48586 | Pan      | Got a glowing rune of Zot
 48670 | Pan      | XOM: harmless Conj miscast
 48680 | Pan      | XOM: harmless Pois miscast
 48681 | Pan      | Paralysed by a floating eye for 4 turns
 48690 | Pan      | Paralysed by a floating eye for 4 turns
 48701 | Pan      | XOM: potion effect (curing)
 48792 | Pan      | Entered the realm of Gloorx Vloq.
 48792 | Pan      | Noticed Gloorx Vloq
 48804 | Pan      | Killed Gloorx Vloq
 48809 | Pan      | XOM: potion effect (agility)
 48818 | Pan      | Reached skill level 15 in Shields
 48820 | Pan      | Reached XP level 26. HP: 146/288 MP: 8/39
 48848 | Pan      | Got a dark rune of Zot
 49015 | Pan      | XOM: harmless Ice miscast
 49099 | Pan      | Found an exit through the horrors of the Abyss.
 49102 | Pan      | XOM: divination: detect items
 49113 | Pan      | XOM: potion effect (experience)
 49113 | Pan      | Gained mutation: Your magical and physical power is greatly
                  | enhanced at high health. [demonic ancestry]
 49113 | Pan      | Reached XP level 27. HP: 141/296 MP: 15/39
 49116 | Pan      | XOM: 4-stop teleportation journey
 49154 | Pan      | XOM: chaos cloud
 49156 | Pan      | XOM: scenery: create altars
 49197 | Pan      | Lost mutation: You are extremely robust. (+30% HP) [a
                  | cacodemon]
 49199 | Pan      | XOM: butterfly on damage
 49206 | Pan      | Reached skill level 24 in Unarmed Combat
 49214 | Pan      | XOM: blink monster(s)
 49219 | Pan      | XOM: mild Tloc miscast
 49222 | Pan      | XOM: confuse monster(s)
 49440 | Pan      | XOM: silly message
 49524 | Pan      | XOM: give mutations
 49524 | Pan      | Gained mutation: You are very agile. (Dex +4) [Xom's grace]
 49524 | Pan      | Gained mutation: You have a pair of small antennae on your
                  | head. [Xom's grace]
 49524 | Pan      | Gained mutation: Your muscles are very strong. (Str +4)
                  | [Xom's grace]
 49529 | Pan      | Lost mutation: You are very agile. (Dex +4) [potion of
                  | mutation]
 49529 | Pan      | Lost mutation: You can translocate small distances at will.
                  | [potion of mutation]
 49529 | Pan      | Lost mutation: You possess an exceptional clarity of mind.
                  | [potion of mutation]
 49529 | Pan      | Lost mutation: Your muscles are very strong. (Str +4)
                  | [potion of mutation]
 49529 | Pan      | Lost mutation: Your spells are a little easier to cast, but
                  | a little less powerful. [potion of mutation]
 49584 | Pan      | XOM: 1-stop teleportation journey
 49591 | Pan      | XOM: 5-stop teleportation journey
 49643 | Pan      | Noticed Utretin the pandemonium lord
 49652 | Pan      | Killed Utretin the pandemonium lord
 49713 | Pan      | Got a demonic rune of Zot
 49738 | Abyss:1  | Escaped into the Abyss
 49758 | Abyss:1  | XOM: god gift: wand of random effects (13)
 49810 | Abyss:1  | XOM: enchant monster (good)
 49819 | Abyss:1  | XOM: harmless Necr miscast
 49832 | Abyss:1  | XOM: silly message
 49834 | Abyss:1  | XOM: cast spell 'Call Canine Familiar'
 49869 | Abyss:1  | Found a corrupted altar of Lugonu.
 50002 | Depths:3 | Escaped the Abyss
 50048 | Depths:2 | Gained mutation: You occasionally shout uncontrollably at
                  | your foes. [mutagenic glow]
 50097 | Depths:2 | XOM: harmless Erth miscast
 50156 | Depths:2 | Lost mutation: You are covered in thick fur. (AC +2)
                  | [potion of mutation]
 50156 | Depths:2 | Lost mutation: Scrolls take you much longer to read.
                  | [potion of mutation]
 50156 | Depths:2 | Lost mutation: Your system is resistant to poisons. (rPois)
                  | [potion of mutation]
 50156 | Depths:2 | Lost mutation: You are covered in fur. (AC +1) [potion of
                  | mutation]
 50156 | Depths:2 | Gained mutation: You are highly resistant to hostile
                  | enchantments. (MR++) [potion of mutation]
 50157 | Depths:2 | Lost mutation: Your natural rate of healing is unusually
                  | fast. [potion of mutation]
 50157 | Depths:2 | Lost mutation: You expend magic power (3 MP) to strengthen
                  | your wands. [potion of mutation]
 50157 | Depths:2 | Lost mutation: Your skin changes colour to match your
                  | surroundings (Stealth+). [potion of mutation]
 50157 | Depths:2 | Lost mutation: You have sharp toenails. [potion of
                  | mutation]
 50157 | Depths:2 | Gained mutation: Your spells are a little harder to cast,
                  | but a little more powerful. [potion of mutation]
 50158 | Depths:2 | Lost mutation: Scrolls take you longer to read. [potion of
                  | mutation]
 50158 | Depths:2 | Lost mutation: Your spells are a little harder to cast, but
                  | a little more powerful. [potion of mutation]
 50158 | Depths:2 | Lost mutation: You occasionally shout uncontrollably at
                  | your foes. [potion of mutation]
 50158 | Depths:2 | Lost mutation: You are highly resistant to hostile
                  | enchantments. (MR++) [potion of mutation]
 50158 | Depths:2 | Gained mutation: You are very agile. (Dex +4) [potion of
                  | mutation]
 50159 | Depths:2 | Lost mutation: You are very agile. (Dex +4) [potion of
                  | mutation]
 50159 | Depths:2 | Lost mutation: You are agile. (Dex +2) [potion of mutation]
 50159 | Depths:2 | Lost mutation: You have an increased reservoir of magic.
                  | (+10% MP) [potion of mutation]
 50159 | Depths:2 | Lost mutation: Your mind is very acute. (Int +4) [potion of
                  | mutation]
 50159 | Depths:2 | Lost mutation: Scrolls take you a little longer to read.
                  | [potion of mutation]
 50159 | Depths:2 | Gained mutation: Your system is resistant to poisons.
                  | (rPois) [potion of mutation]
 50230 | Depths:3 | XOM: silly message
 50240 | Depths:3 | XOM: divination: magic mapping
 50457 | Depths:3 | Identified the ring of Zin's Vengeance {+Fly Str+4}
 50688 | Depths:3 | Found a runed translucent door.
 50690 | Depths:3 | Noticed Qiwept's ghost (veteran BaIE)
 50857 | Depths:3 | Killed Qiwept's ghost
 50905 | Depths:3 | Found a runed translucent door.
 50912 | Depths:3 | Identified the +2 mace of Girigeusm {crush, rF+}
 50912 | Depths:3 | Noticed Cumu's ghost (adept GrFi)
 50921 | Depths:3 | XOM: confuse monster(s)
 50927 | Depths:3 | Found a runed translucent door.
 50932 | Depths:3 | Killed Cumu's ghost
 50933 | Depths:3 | Reached skill level 1 in Evocations
 50938 | Depths:3 | Noticed Jonui's ghost (veteran BaIE)
 50960 | Depths:3 | XOM: harmless Fire miscast
 50964 | Depths:3 | XOM: fog
 50972 | Depths:3 | XOM: divine lightning
 50979 | Depths:3 | Killed Jonui's ghost
 51176 | Depths:3 | XOM: scenery: 1 doors close
 51594 | Depths:4 | Noticed a juggernaut
 51608 | Depths:4 | Killed a juggernaut
 51618 | Depths:4 | Noticed Frederick
 51620 | Depths:4 | Noticed a juggernaut
 51629 | Depths:4 | XOM: divine lightning
 51633 | Depths:4 | Killed a juggernaut
 51635 | Depths:4 | Killed Frederick
 51666 | Depths:4 | XOM: give mutations
 51666 | Depths:4 | Gained mutation: You passively map a large area around you.
                  | [Xom's grace]
 51666 | Depths:4 | Gained mutation: You can translocate small distances at
                  | will. [Xom's grace]
 51666 | Depths:4 | Gained mutation: Your muscles are very strong. (Str +4)
                  | [Xom's grace]
 51750 | Depths:4 | XOM: confuse monster(s)
 51754 | Depths:4 | Found the +3 sling "Punk" {acid, rCorr}
 51846 | Depths:4 | XOM: destruction
 51864 | Depths:4 | XOM: summons friendly iron imp
 51883 | Depths:4 | XOM: fake destruction
 51886 | Depths:4 | XOM: confuse monster(s)
 51887 | Depths:4 | XOM: divination: detect creatures
 52137 | Depths:4 | XOM: scenery: 4 doors close
 52366 | Depths:4 | XOM: 7-stop teleportation journey
 52484 | Depths:4 | Noticed Saint Roka
 52492 | Depths:4 | XOM: enchant monster (good)
 52495 | Depths:4 | Reached skill level 25 in Unarmed Combat
 52502 | Depths:4 | Found a gateway to a ziggurat.
 52511 | Depths:4 | Killed Saint Roka
 52860 | Depths:4 | XOM: medium Fire miscast
 52878 | Depths:5 | Entered Level 5 of the Depths
 52911 | Depths:5 | XOM: fake destruction
 52928 | Depths:5 | XOM: enchant monster (good)
 52938 | Depths:5 | XOM: god gift: papyrus book {god gift}
 52987 | Depths:5 | Noticed Margery
 53002 | Depths:5 | XOM: confuse monster(s)
 53010 | Depths:5 | Killed Margery
 53069 | Depths:5 | Reached skill level 5 in Evocations
 53210 | Depths:5 | XOM: divine lightning
 53556 | Depths:5 | XOM: fog
 53743 | Depths:5 | XOM: divination: magic mapping
 53772 | Depths:5 | Found a gate to the Realm of Zot.
 54008 | Zot:1    | Entered Level 1 of the Realm of Zot
 54043 | Zot:1    | XOM: enchant monster (good)
 54050 | Zot:1    | XOM: summons friendly shadow imp
 54102 | Zot:1    | XOM: summons friendly iron imp
 54114 | Zot:1    | XOM: confuse monster(s)
 54116 | Zot:1    | XOM: cleaving
 54118 | Zot:1    | Reached skill level 26 in Unarmed Combat
 54348 | Zot:1    | XOM: cloud trail
 54788 | Zot:1    | Identified the +2 hat of the Wasteland {rPois rCorr Int+2}
 54978 | Zot:2    | Noticed an orb of fire
 55049 | Zot:2    | Noticed an orb of fire
 55102 | Zot:2    | Found a transporter.
 55112 | Zot:2    | Found a transporter.
 55152 | Zot:2    | XOM: confuse monster(s)
 55234 | Zot:2    | Found an opulent altar of Gozag.
 55754 | Zot:2    | XOM: god gift: long sword {god gift}
 55841 | Zot:3    | XOM: god gift: ration
 55991 | Zot:3    | XOM: noise
 56018 | Zot:3    | XOM: harmless Pois miscast
 56023 | Zot:3    | XOM: blink monster(s)
 56048 | Zot:3    | XOM: cast spell 'Summon Mana Viper'
 56429 | Zot:4    | XOM: confuse monster(s)
 56628 | Zot:4    | XOM: polymorph red draconian -> shadow dragon
 56632 | Zot:4    | Identified the +6 mace of the Undead {crush, rC+}
 56667 | Zot:4    | XOM: cast spell 'Monstrous Menagerie'
 56718 | Zot:4    | XOM: harmless Fire miscast
 56870 | Zot:4    | XOM: noise
 57312 | Zot:5    | Entered Level 5 of the Realm of Zot
 57321 | Zot:5    | Identified the +0 medium shield "Ofussebo" {rPois Stlth+}
                  | (You acquired it on level 5 of the Realm of Zot)
 57321 | Zot:5    | Identified the amulet of Lies {Spirit rElec rF++} (You
                  | acquired it on level 5 of the Realm of Zot)
 57490 | Zot:5    | XOM: blink monster(s)
 57536 | Zot:5    | XOM: 1-stop teleportation journey
 57549 | Zot:5    | XOM: noise
 57553 | Zot:5    | XOM: destruction
 57569 | Zot:5    | XOM: harmless Chrm miscast
 57732 | Zot:2    | Identified the ring of Vampiric Thralls {MR+ rCorr}
 57809 | Zot:2    | XOM: cloud trail
 57822 | Zot:2    | XOM: summons 4 hostile shadow creatures
 58310 | Slime:1  | Entered Level 1 of the Pits of Slime
 58344 | Slime:1  | XOM: summons 5 hostile demons
 58374 | Slime:1  | XOM: noise
 58377 | Slime:1  | XOM: summons 6 friendly demons
 58387 | Slime:1  | XOM: cast spell 'Dispersal'
 58617 | Slime:1  | Reached skill level 27 in Unarmed Combat
 58622 | Slime:1  | XOM: swap monsters
 59033 | Slime:1  | XOM: give mutations
 59033 | Slime:1  | Gained mutation: You have large cloven feet. [Xom's grace]
 59033 | Slime:1  | Gained mutation: You have a pair of antennae on your head.
                  | [Xom's grace]
 59200 | Slime:1  | XOM: 1-stop teleportation journey
 59472 | Slime:2  | XOM: 8-stop teleportation journey
 59568 | Slime:2  | XOM: cloud trail
 59637 | Slime:2  | XOM: mild Tloc miscast
 59652 | Slime:2  | XOM: give mutations
 59652 | Slime:2  | Gained mutation: Your mind is very acute. (Int +4) [Xom's
                  | grace]
 59652 | Slime:2  | Gained mutation: You are highly resistant to hostile
                  | enchantments. (MR++) [Xom's grace]
 59652 | Slime:2  | Gained mutation: You have hoof-like feet. [Xom's grace]
 59685 | Slime:2  | XOM: summons friendly quasit
 59816 | Slime:2  | XOM: god gift: scroll of teleportation
 59959 | Slime:2  | XOM: give mutation
 59959 | Slime:2  | Gained mutation: Your flesh is heat resistant. (rF+) [Xom's
                  | grace]
 60448 | Slime:3  | XOM: give mutations
 60448 | Slime:3  | Gained mutation: Your flesh is cold resistant. (rC+) [Xom's
                  | grace]
 60448 | Slime:3  | Gained mutation: Your spells are a little harder to cast,
                  | but a little more powerful. [Xom's grace]
 60448 | Slime:3  | Gained mutation: You have supernaturally acute eyesight.
                  | (SInv) [Xom's grace]
 60448 | Slime:3  | Gained mutation: You evolve. [Xom's grace]
 60473 | Slime:3  | XOM: scenery: 1 doors open
 60679 | Slime:3  | XOM: god gift: wand of acid (18)
 60908 | Slime:3  | XOM: harmless Chrm miscast
 60994 | Slime:4  | XOM: silly message
 61008 | Slime:4  | XOM: blink monster(s)
 61031 | Slime:4  | XOM: enchant monster (bad)
 61040 | Slime:4  | XOM: mild Air miscast
 61071 | Slime:4  | XOM: chaos cloud
 61477 | Slime:5  | Entered Level 5 of the Pits of Slime
 61533 | Slime:5  | Noticed Dissolution
 61541 | Slime:5  | Killed Dissolution
 61581 | Slime:5  | Noticed the Royal Jelly
 61597 | Slime:5  | Killed the Royal Jelly
 61642 | Slime:5  | XOM: summons 4 friendly demons
 61644 | Slime:5  | XOM: blink monster(s)
 61665 | Slime:5  | Found the +6 staff of Battle {slice, MP+12}
 61741 | Slime:5  | Identified the amulet of Obryuwas {Inacc rF+}
 61778 | Slime:5  | Found the +7 Singing Sword {slice}
 61795 | Slime:5  | XOM: mild Fire miscast
 61796 | Slime:5  | Got a slimy rune of Zot
 61809 | Slime:5  | Identified the +3 shortbow of Peace {freeze, rF+}
 61890 | Slime:5  | XOM: severe Chrm miscast
 61890 | Slime:5  | Paralysed by the severe capriciousness of Xom for 6 turns
 62404 | Orc      | XOM: harmless Tmut miscast
 62765 | Zot:2    | Lost mutation: You have a pair of antennae on your head.
                  | [an orb of fire]
 62770 | Zot:2    | Gained mutation: You do not regenerate when monsters are
                  | visible. [an orb of fire]
 62771 | Zot:2    | Killed an orb of fire
 62773 | Zot:2    | XOM: summons friendly ynoxinul
 62774 | Zot:2    | XOM: summons 2 friendly demons
 62785 | Zot:2    | XOM: scenery: 1 doors close
 62787 | Zot:2    | XOM: chaos cloud
 62799 | Zot:2    | XOM: harmless Pois miscast
 62803 | Zot:2    | Gained mutation: Your magical capacity is low. (-10% MP)
                  | [an orb of fire]
 62804 | Zot:2    | XOM: destruction
 62808 | Zot:2    | XOM: potion effect (brilliance)
 62811 | Zot:2    | Killed an orb of fire
 62824 | Zot:2    | XOM: noise
 62916 | Zot:2    | XOM: harmless Summ miscast
 62924 | Zot:2    | Identified the +0 pair of boots "Ponex" {+Blink rPois MR-
                  | Dex+4} (You found it on level 2 of the Realm of Zot)
 63100 | Zot:5    | Noticed an ancient lich
 63100 | Zot:5    | Noticed an orb of fire
 63108 | Zot:5    | Killed an ancient lich
 63108 | Zot:5    | XOM: chaos cloud
 63110 | Zot:5    | XOM: divination: magic mapping
 63140 | Zot:5    | Killed an orb of fire
 63144 | Zot:5    | XOM: polymorph balrug -> shadow demon
 63301 | Zot:5    | Noticed an orb of fire
 63311 | Zot:5    | Killed an orb of fire
 63316 | Zot:5    | Noticed an ancient lich
 63327 | Zot:5    | Killed an ancient lich
 63332 | Zot:5    | XOM: blink monster(s)
 63341 | Zot:5    | XOM: divination: magic mapping
 63344 | Zot:5    | XOM: harmless Hex miscast
 63347 | Zot:5    | XOM: cast spell 'Alistair's Intoxication'
 63390 | Zot:5    | Noticed an orb of fire
 63394 | Zot:5    | XOM: summons friendly shadow imp
 63402 | Zot:5    | Killed an orb of fire
 63406 | Zot:5    | XOM: polymorph reaper -> balrug
 63413 | Zot:5    | XOM: polymorph balrug -> lorocyproca
 63417 | Zot:5    | Noticed an orb of fire
 63418 | Zot:5    | XOM: medium Erth miscast
 63426 | Zot:5    | Killed an orb of fire
 63473 | Zot:5    | XOM: draining
 63501 | Zot:5    | Noticed an orb of fire
 63512 | Zot:5    | Lost mutation: You have supernaturally acute eyesight.
                  | (SInv) [an orb of fire]
 63513 | Zot:5    | XOM: scenery: create altars
 63515 | Zot:5    | Killed an orb of fire
 63518 | Zot:5    | XOM: fog
 63569 | Zot:5    | XOM: potion effect (brilliance)
 63858 | Zot:5    | Got the Orb of Zot
 63918 | Zot:5    | XOM: give mutation
 63918 | Zot:5    | Lost mutation: Your body often deteriorates upon taking
                  | damage. [Xom's mischief]
 63924 | Zot:5    | XOM: confuse monster(s)
 64092 | Zot:1    | Noticed Nicaq the pandemonium lord
 64195 | Depths:3 | XOM: divination: detect items
 64205 | Depths:3 | XOM: swap monsters
 64584 | D:$      | Escaped with the Orb!

Skill      XL: |  1  2  3  4  5  6  7  8  9 10 11 12 13 14 15 16 17 18 19 20 21 22 23 24 25 26 27 |
---------------+----------------------------------------------------------------------------------+-----
Dodging        | 1 2 3 4 5 6 7 8 9 10 11 15 17 | 17.0
Armour         | 2 3 4 5 6 7 8 9 10 13 16 17 18 22 | 22.0
Axes           | 3 |  3.5
Shields        | 1 2 3 5 6 7 8 10 11 12 13 14 15 20 | 20.2
Fighting       | 4 5 6 8 10 11 12 13 14 15 16 17 21 23 | 23.1
Invocations    | 1 4 6 8 9 11 12 13 14 15 16 17 21 | 21.9
Unarmed Combat | 5 8 11 13 15 16 17 18 19 20 21 22 23 27 | 27.0
Throwing       | 9 13 14 15 16 | 16.0
Evocations     | 5 |  5.0

Action                   |  1- 3 |  4- 6 |  7- 9 | 10-12 | 13-15 | 16-18 | 19-21 | 22-24 | 25-27 || total
-------------------------+-------+-------+-------+-------+-------+-------+-------+-------+-------++-------
Melee: Hand axe          |    93 |   124 |       |    16 |       |       |       |       |       ||   233
       Kick              |       |    19 |       |    19 |       |       |       |       |       ||    38
       War axe           |       |       |       |     8 |       |       |       |       |       ||     8
       Short sword       |       |       |       |     3 |       |       |       |       |       ||     3
       Unarmed           |       |       |       |   245 |  1288 |  1438 |  1514 |  1095 |  2268 ||  7848
       Hunting sling     |       |       |       |     2 |       |       |       |       |       ||     2
       Headbutt          |       |       |       |       |       |   131 |       |       |       ||   131
 Fire: Hunting sling     |       |    21 |   347 |   624 |   101 |       |       |       |       ||  1093
       Blowgun           |       |       |       |       |       |       |       |     2 |     8 ||    10
Throw: Tomahawk          |       |       |       |     1 |    17 |    17 |    64 |    30 |     3 ||   132
       Javelin           |       |       |       |       |       |       |       |     5 |   221 ||   226
Invok: Hew               |       |       |       |     1 |     1 |       |    11 |     2 |    25 ||    40
       Major Destruction |       |       |       |     1 |       |       |       |       |       ||     1
       Greater Servant o |       |       |       |       |       |       |       |       |     1 ||     1
 Abil: Evoke Flight      |       |       |       |     1 |       |       |       |       |       ||     1
       Blink             |       |       |       |       |       |       |       |       |     3 ||     3
Evoke: Wand              |       |       |       |     4 |       |       |       |       |     4 ||     8
  Use: Potion            |       |     4 |       |       |       |       |       |       |    10 ||    14
       Scroll            |       |     1 |    11 |     8 |    11 |     3 |    11 |     2 |    11 ||    58
 Stab: Paralysed         |     1 |       |       |       |     3 |       |     2 |       |     1 ||     7
       Confused          |       |       |       |       |     6 |     6 |    14 |    20 |    34 ||    80
       Distracted        |       |       |       |       |     4 |    10 |     9 |     8 |    16 ||    47
       Invisible         |       |       |       |       |       |     3 |     5 |       |       ||     8
       Petrified         |       |       |       |       |       |       |     1 |     6 |       ||     7
       Betrayed ally     |       |       |       |       |       |       |       |       |     1 ||     1
  Eat: Chunk             |     3 |    10 |    22 |    29 |    61 |    53 |    58 |    31 |    39 ||   306
       Ration            |       |       |       |     4 |     2 |     1 |     1 |     3 |    18 ||    29
Armor: Leather armour    |    32 |    37 |    26 |       |       |       |       |       |       ||    95
       Scale mail        |       |       |    18 |   252 |   388 |   154 |       |       |       ||   812
       Plate armour      |       |       |       |       |       |    61 |   120 |       |       ||   181
       Iron dragon scale |       |       |       |       |       |       |   440 |   440 |   791 ||  1671
       Skin              |       |       |       |       |       |       |     5 |     2 |       ||     7
Dodge: Dodged            |    46 |    51 |   100 |   319 |   512 |    72 |    28 |    35 |   153 ||  1316
Block: Buckler           |     2 |    23 |    46 |   186 |   275 |       |       |       |       ||   532
       Medium shield     |       |       |       |       |   122 |  1280 |  1797 |  1256 |  2415 ||  6870
       Reflection        |       |       |       |       |       |       |       |       |    69 ||    69
